Workbook
Name _1Excel_BuiltIn_Print_Area_1_1_1: 'Прил 1'!$A$1:$C$32
Name _2Excel_BuiltIn_Print_Area_7_1_1: #REF!
Name _2Excel_BuiltIn_Print_Area_7_1_1: #REF!
Name _Toc105952698: 'Прил 3'!$A$2
Name _Toc105952698: #REF!
Name Excel_BuiltIn_Print_Area_1: 'Прил 1'!$A$1:$C$32
Name Excel_BuiltIn_Print_Area_1_1: 'Прил 1'!$A$1:$C$32
Name Excel_BuiltIn_Print_Area_2: #REF!
Name Excel_BuiltIn_Print_Area_2: #REF!
Name Excel_BuiltIn_Print_Area_3: #REF!
Name Excel_BuiltIn_Print_Area_3_1: #REF!
Name Excel_BuiltIn_Print_Area_3_1: #REF!
Name Excel_BuiltIn_Print_Area_4: #REF!
Name Excel_BuiltIn_Print_Area_4: #REF!
Name Excel_BuiltIn_Print_Area_5: 'Прил 3'!$A$1:$I$42
Name Excel_BuiltIn_Print_Area_5: #REF!
Name Excel_BuiltIn_Print_Area_5_1: 'Прил 3'!$A$1:$I$42
Name Excel_BuiltIn_Print_Area_5_1: #REF!
Name Excel_BuiltIn_Print_Area_6: 'Прил 2'!$A$1:$G$43
Name Excel_BuiltIn_Print_Area_6_1: 'Прил 2'!$A$1:$G$43
Name Excel_BuiltIn_Print_Area_7: #REF!
Name Excel_BuiltIn_Print_Area_7: #REF!
Name Excel_BuiltIn_Print_Area_7_1: #REF!
Name Excel_BuiltIn_Print_Area_7_1: #REF!

Sheet Прил 1
C1: Приложение 1 к решению Совета депутатов Адашевского сельского поселения "О бюджете Адашевского сельского поселения Кадошкинского муниципального района Республики Мордовия на 2023 год и на плановый период 2024 и 2025 годов"
A2: ДОХОДЫ БЮДЖЕТА АДАШЕВСКОГО СЕЛЬСКОГО ПОСЕЛЕНИЯ КАДОШКИНСКОГО МУНИЦИПАЛЬНОГО РАЙОНА РЕСПУБЛИКИ МОРДОВИЯ
C3: (тыс.рублей)
A4: Код бюджетной классификации доходов бюджета | B4: Наименование доходов | C4: Сумма
C5: 2023 год | D5: 2024 год | E5: 2025 год
A6: 1 | B6: 2 | C6: 3 | D6: 4 | E6: 5
B7: ВСЕГО | C7: =SUM(C8+C22) -> 1686.6 | D7: =SUM(D8+D22) -> 1258.6 | E7: =SUM(E8+E22) -> 1253.4
A8: 00010000000000000000 | B8: НАЛОГОВЫЕ И НЕНАЛОГОВЫЕ ДОХОДЫ | C8: =C9+C12+C14+C16+C19 -> 663.2 | D8: =D9+D12+D14+D16+D19 -> 668.8 | E8: =E9+E12+E14+E16+E19 -> 675.2
A9: 00010100000000000000 | B9: НАЛОГИ НА ПРИБЫЛЬ, ДОХОДЫ | C9: =SUM(C10) -> 2.6 | D9: =SUM(D10) -> 2.8 | E9: =SUM(E10) -> 3
A10: 00010102000010000110 | B10: Налог на доходы физических лиц | C10: =SUM(C11) -> 2.6 | D10: =SUM(D11) -> 2.8 | E10: =SUM(E11) -> 3
A11: 18210102010010000110 | B11: Налог на доходы физических лиц с доходов, источником которых является налоговый агент, за исключением доходов, в отношении которых исчисление и уплата налога осуществляются в соответствии со статьями 227, 227.1 и 228 Налогового кодекса Российской Федерации | C11: 2.6 | D11: 2.8 | E11: 3
A12: 00010500000000000000 | B12: НАЛОГИ НА СОВОКУПНЫЙ ДОХОД | C12: =SUM(C13) -> 161.1 | D12: =SUM(D13) -> 162 | E12: =SUM(E13) -> 163.8
A13: 18210503010010000110 | B13: Единый сельскохозяйственный налог | C13: 161.1 | D13: 162 | E13: 163.8
A14: 00010600000000000000 | B14: НАЛОГИ НА ИМУЩЕСТВО | C14: =SUM(C15) -> 44 | D14: =SUM(D15) -> 45 | E14: =SUM(E15) -> 46
A15: 18210601030100000110 | B15: Налог на имущество физических лиц, взимаемый по ставкам, применяемым к объектам налогообложения, расположенным в границах сельских поселений | C15: 44 | D15: 45 | E15: 46
A16: 00010606000000000110 | B16: Земельный налог | C16: =SUM(C17+C18) -> 422.4 | D16: =SUM(D17+D18) -> 424.4 | E16: =SUM(E17+E18) -> 426.4
A17: 18210606033100000110 | B17: Земельный налог с организаций, обладающих земельным участком, расположенным в границах сельских поселений | C17: 152 | D17: 152 | E17: 152
A18: 18210606043100000110 | B18: Земельный налог с физических лиц, обладающих земельным участком, расположенным в границах сельских поселений | C18: 270.4 | D18: 272.4 | E18: 274.4
A19: 00011100000000000000 | B19: ДОХОДЫ ОТ ИСПОЛЬЗОВАНИЯ ИМУЩЕСТВА, НАХОДЯЩЕГОСЯ В ГОСУДАРСТВЕННОЙ И МУНИЦИПАЛЬНОЙ СОБСТВЕННОСТИ | C19: =C20+C21 -> 33.1 | D19: =D20+D21 -> 34.6 | E19: =E20+E21 -> 36
A20: 91011105025100000120 | B20: Доходы, получаемые в виде арендной платы, а также средства от продажи права на заключение договоров аренды за земли, находящиеся в собственности поселений (за исключением земельных участков муниципальных бюджетных и автономных учреждений) | C20: 17.2 | D20: 18 | E20: 18.7
A21: 91011105035100000120 | B21: Доходы от сдачи в аренду имущества, находящегося в оперативном управлении органов управления поселений и созданных ими учреждений (за исключением имущества муниципальных бюджетных и автономных учреждений) | C21: 15.9 | D21: 16.6 | E21: 17.3
A22: 00020200000000000000 | B22: БЕЗВОЗМЕЗДНЫЕ ПОСТУПЛЕНИЯ ОТ ДРУГИХ БЮДЖЕТОВ БЮДЖЕТНОЙ СИСТЕМЫ РОССИЙСКОЙ ФЕДЕРАЦИИ | C22: =C23+C26+C28+C31 -> 1023.4 | D22: =D23+D26+D28+D31 -> 589.8 | E22: =E23+E26+E28+E31 -> 578.2
A23: 00020210000000000150 | B23: Дотации бюджетам бюджетной системы Российской Федерации | C23: =C24+C25 -> 366.6 | D23: =D24+D25 -> 161.7 | E23: =E24+E25 -> 134.4
A24: 91020215001100000150 | B24: Дотации бюджетам сельских поселений на выравнивание бюджетной обеспеченности | C24: 157.6 | D24: 161.7 | E24: 134.4
A25: 91020215002100000150 | B25: Дотации бюджетам сельских поселений на поддержку мер по обеспечению сбалансированности бюджетов | C25: 209 | D25: 0 | E25: 0
A26: 00020220000000000150 | B26: Субсидии бюджетам бюджетной системы Российской Федерации (межбюджетные субсидии) | C26: =C27 -> 250 | D26: =D27 -> 0 | E26: =E27 -> 0
A27: 91020229999100000150 | B27: Прочие субсидии бюджетам сельских поселений | C27: 250 | D27: 0 | E27: 0
A28: 00020230000000000150 | B28: Субвенции бюджетам бюджетной системы Российской Федерации | C28: =SUM(C29+C30) -> 109.5 | D28: =SUM(D29+D30) -> 114.7 | E28: =SUM(E29+E30) -> 119
A29: 91020230024100000150 | B29: Субвенции на осуществление государственных полномочий Республики Мордовия по определению перечня должностных лиц, уполномоченных составлять протоколы об административных правонарушениях, предусмотренных Законом Республики Мордовия от 15 июня 2015 года № 38-З "Об административной ответственности на территории Республики Мордовия" | C29: 0.2 | D29: 0.3 | E29: 0.3
A30: 91020235118100000150 | B30: Субвенции бюджетам сельских поселений на осуществление первичного воинского учета на территориях, где отсутствуют военные комиссариаты | C30: 109.3 | D30: 114.4 | E30: 118.7
A31: 00020240000000000100 | B31: Иные межбюджетные трансферты | C31: =SUM(C32) -> 297.3 | D31: =SUM(D32) -> 313.4 | E31: =SUM(E32) -> 324.8
A32: 91020240014100000150, | B32: Межбюджетные трансферты, передаваемые бюджетам сельских поселений из бюджетов муниципальных районов на осуществление части полномочий по решению вопросов местного значения в соответствии с заключенными соглашениями | C32: =267.3+30 -> 297.3 | D32: =283.4+30 -> 313.4 | E32: =294.8+30 -> 324.8

Sheet Прил 2
J1: Приложение 2 к решению Совета депутатов Адашевского сельского поселения "О бюджете Адашевского сельского поселения Кадошкинского муниципального района Республики Мордовия на 2023 год и на плановый период 2024 и 2025 годов"
A2: ВЕДОМСТВЕННАЯ СТРУКТУРА РАСХОДОВ БЮДЖЕТА АДАШЕВСКОГО СЕЛЬСКОГО ПОСЕЛЕНИЯ КАДОШКИНСКОГО МУНИЦИПАЛЬНОГО РАЙОНА РЕСПУБЛИКИ МОРДОВИЯ НА 2023 ГОД И НА ПЛАНОВЫЙ ПЕРИОД 2024 И 2025 ГОДОВ
L3: (тыс. рублей)
A4: Наименование | B4: Адм | C4: Рз | D4: Прз | E4: Цср | I4: Вр | J4: Сумма
J5: 2023 год | K5: 2024 год | L5: 2025 год
A6: 1 | B6: 2 | C6: 3 | D6: 4 | E6: 5 | F6: 6 | G6: 7 | H6: 8 | I6: 9 | J6: 10 | K6: 11 | L6: 12
A7: ВСЕГО | J7: =J8 -> 1665.825 | K7: =K8 -> 1227.4 | L7: =L8 -> 1211.8
A8: Администрация Адашевского сельского поселения Кадошкинского муниципального района Республики Мордовия | B8: 910 | J8: =J9+J49+J58+J68+J84+J91 -> 1665.825 | K8: =K9+K49+K58+K68+K84+K91+K103 -> 1227.4 | L8: =L9+L49+L58+L68+L84+L91+L103 -> 1211.8
A9: Общегосударственные вопросы | B9: 910 | C9: 01 | J9: =J10+J19+J38+J44 -> 1020.025 | K9: =K10+K19+K38+K44 -> 620.2 | L9: =L10+L19+L38+L44 -> 585.1
A10: Функционирование высшего должностного лица субъекта Российской Федерации и муниципального образования | B10: 910 | C10: 01 | D10: 02 | J10: =J11 -> 436.825 | K10: =K11 -> 258.3 | L10: =L11 -> 256.2
A11: Обеспечение деятельности администрации | B11: 910 | C11: 01 | D11: 02 | E11: 65 | J11: =J12 -> 436.825 | K11: =K12 -> 258.3 | L11: =L12 -> 256.2
A12: Высшее должностное лицо | B12: 910 | C12: 01 | D12: 02 | E12: 65 | F12: 1 | J12: =J13+J16 -> 436.825 | K12: =K13 -> 258.3 | L12: =L13 -> 256.2
A13: Расходы на выплаты по оплате труда высшего должностного лица | B13: 910 | C13: 01 | D13: 02 | E13: 65 | F13: 1 | G13: 00 | H13: 41150 | J13: =J14 -> 367.8 | K13: =K14 -> 258.3 | L13: =L14 -> 256.2
A14: Расходы на выплаты персоналу в целях обеспечения выполнения функций государственными (муниципальными) органами, казенными учреждениями, органами управления государственными внебюджетными фондами | B14: 910 | C14: 01 | D14: 02 | E14: 65 | F14: 1 | G14: 00 | H14: 41150 | I14: 100 | J14: =J15 -> 367.8 | K14: =K15 -> 258.3 | L14: =L15 -> 256.2
A15: Расходы на выплаты персоналу государственных (муниципальных) органов | B15: 910 | C15: 01 | D15: 02 | E15: 65 | F15: 1 | G15: 00 | H15: 41150 | I15: 120 | J15: 367.8 | K15: 258.3 | L15: 256.2
A16: Субсидии на софинансирование расходных обязательств по финансовому обеспечению деятельности органов местного самоуправления и муниципальных учреждений | B16: 910 | C16: 01 | D16: 02 | E16: 65 | F16: 1 | G16: 00 | H16: 44205 | J16: =J17 -> 69.025 | K16: =K17 -> 0 | L16: =L17 -> 0
A17: Расходы на выплаты персоналу в целях обеспечения выполнения функций государственными (муниципальными) органами, казенными учреждениями, органами управления государственными внебюджетными фондами | B17: 910 | C17: 01 | D17: 02 | E17: 65 | F17: 1 | G17: 00 | H17: 44205 | I17: 100 | J17: =J18 -> 69.025 | K17: =K18 -> 0 | L17: =L18 -> 0
A18: Расходы на выплаты персоналу государственных (муниципальных) органов | B18: 910 | C18: 01 | D18: 02 | E18: 65 | F18: 1 | G18: 00 | H18: 44205 | I18: 120 | J18: 69.025 | K18: 0 | L18: 0
A19: Функционирование Правительства Российской Федерации, высших органов исполнительной власти субъектов Российской Федерации, местных администраций | B19: 910 | C19: 01 | D19: 04 | J19: =J20+J33 -> 577.7 | K19: =K20+K33 -> 356.4 | L19: =L20+L33 -> 323.4
A20: Обеспечение деятельности администрации | B20: 910 | C20: 01 | D20: 04 | E20: 65 | J20: =J21 -> 577.5 | K20: =K21 -> 356.1 | L20: =L21 -> 323.1
A21: Непрограммные расходы в рамках обеспечения деятельности администрации | B21: 910 | C21: 01 | D21: 04 | E21: 65 | F21: 2 | J21: =J23+J25+J30 -> 577.5 | K21: =K23+K25 -> 356.1 | L21: =L23+L25 -> 323.1
A22: Расходы на выплаты по оплате труда работников органов местного самоуправления | B22: 910 | C22: 01 | D22: 04 | E22: 65 | F22: 2 | G22: 00 | H22: 41110 | J22: =J23 -> 148.8 | K22: =K23 -> 271.2 | L22: =L23 -> 230
A23: Расходы на выплаты персоналу в целях обеспечения выполнения функций государственными (муниципальными) органами, казенными учреждениями, органами управления государственными внебюджетными фондами | B23: 910 | C23: 01 | D23: 04 | E23: 65 | F23: 2 | G23: 00 | H23: 41110 | I23: 100 | J23: =J24 -> 148.8 | K23: =K24 -> 271.2 | L23: =L24 -> 230
A24: Расходы на выплаты персоналу государственных (муниципальных) органов | B24: 910 | C24: 01 | D24: 04 | E24: 65 | F24: 2 | G24: 00 | H24: 41110 | I24: 120 | J24: 148.8 | K24: 271.2 | L24: 230
A25: Расходы на обеспечение функций органов местного самоуправления | B25: 910 | C25: 01 | D25: 04 | E25: 65 | F25: 2 | G25: 00 | H25: 41120 | J25: =J28+J26 -> 245.2 | K25: =K28+K26 -> 84.9 | L25: =L28+L26 -> 93.1
A26: Закупка товаров, работ и услуг для обеспечения государственных (муниципальных) нужд | B26: 910 | C26: 01 | D26: 04 | E26: 65 | F26: 2 | G26: 00 | H26: 41120 | I26: 200 | J26: =J27 -> 217.6 | K26: =K27 -> 62.5 | L26: =L27 -> 70.7
A27: Иные закупки товаров, работ и услуг для обеспечения государственных (муниципальных) нужд | B27: 910 | C27: 01 | D27: 04 | E27: 65 | F27: 2 | G27: 00 | H27: 41120 | I27: 240 | J27: 217.6 | K27: 62.5 | L27: 70.7
A28: Иные бюджетные ассигнования | B28: 910 | C28: 01 | D28: 04 | E28: 65 | F28: 2 | G28: 00 | H28: 41120 | I28: 800 | J28: =J29 -> 27.6 | K28: =K29 -> 22.4 | L28: =L29 -> 22.4
A29: Уплата налогов, сборов и иных платежей | B29: 910 | C29: 01 | D29: 04 | E29: 65 | F29: 2 | G29: 00 | H29: 41120 | I29: 850 | J29: 27.6 | K29: 22.4 | L29: 22.4
A30: Субсидии на софинансирование расходных обязательств по финансовому обеспечению деятельности органов местного самоуправления и муниципальных учреждений | B30: 910 | C30: 01 | D30: 04 | E30: 65 | F30: 2 | G30: 00 | H30: 44205 | J30: =J31 -> 183.5 | K30: =K31 -> 0 | L30: =L31 -> 0
A31: Расходы на выплаты персоналу в целях обеспечения выполнения функций государственными (муниципальными) органами, казенными учреждениями, органами управления государственными внебюджетными фондами | B31: 910 | C31: 01 | D31: 04 | E31: 65 | F31: 2 | G31: 00 | H31: 44205 | I31: 100 | J31: =J32 -> 183.5 | K31: =K32 -> 0 | L31: =L32 -> 0
A32: Расходы на выплаты персоналу государственных (муниципальных) органов | B32: 910 | C32: 01 | D32: 04 | E32: 65 | F32: 2 | G32: 00 | H32: 44205 | I32: 120 | J32: 183.5 | K32: 0 | L32: 0
A33: Непрограммные расходы главных распорядителей средств бюджета Адашевского сельского поселения Кадошкинского муниципального района Республики Мордовия | B33: 910 | C33: 01 | D33: 04 | E33: 89 | J33: =J34 -> 0.2 | K33: =K34 -> 0.3 | L33: =L34 -> 0.3
A34: Непрограммные расходы в рамках обеспечения деятельности главных распорядителей средств бюджета Адашевского сельского поселения Кадошкинского муниципального района Республики Мордовия | B34: 910 | C34: 01 | D34: 04 | E34: 89 | F34: 1 | J34: =J35 -> 0.2 | K34: =K35 -> 0.3 | L34: =L35 -> 0.3
A35: Осуществление государственных полномочий Республики Мордовия по определению перечня должностных лиц, уполномоченных составлять протоколы об административных правонарушениях, предусмотренных Законом Республики Мордовия от 15 июня 2015 года № 38-З "Об административной ответственности на территории Республики Мордовия" | B35: 910 | C35: 01 | D35: 04 | E35: 89 | F35: 1 | G35: 00 | H35: 77150 | J35: =J36 -> 0.2 | K35: =K36 -> 0.3 | L35: =L36 -> 0.3
A36: Закупка товаров, работ и услуг для обеспечения государственных (муниципальных) нужд | B36: 910 | C36: 01 | D36: 04 | E36: 89 | F36: 1 | G36: 00 | H36: 77150 | I36: 200 | J36: =J37 -> 0.2 | K36: =K37 -> 0.3 | L36: =L37 -> 0.3
A37: Иные закупки товаров, работ и услуг для обеспечения государственных (муниципальных) нужд | B37: 910 | C37: 01 | D37: 04 | E37: 89 | F37: 1 | G37: 00 | H37: 77150 | I37: 240 | J37: 0.2 | K37: 0.3 | L37: 0.3
A38: Резервные фонды | B38: 910 | C38: 01 | D38: 11 | J38: =J39 -> 5 | K38: =K39 -> 5 | L38: =L39 -> 5
A39: Непрограммные расходы главных распорядителей средств бюджета Адашевского сельского поселения Кадошкинского муниципального района Республики Мордовия | B39: 910 | C39: 01 | D39: 11 | E39: 89 | J39: =J40 -> 5 | K39: =K40 -> 5 | L39: =L40 -> 5
A40: Непрограммные расходы в рамках обеспечения деятельности главных распорядителей средств бюджета Адашевского сельского поселения Кадошкинского муниципального района Республики Мордовия | B40: 910 | C40: 01 | D40: 11 | E40: 89 | F40: 1 | J40: =J41 -> 5 | K40: =K41 -> 5 | L40: =L41 -> 5
A41: Резервный фонд администрации Адашевского сельского поселения Кадошкинского муниципального района Республики Мордовия | B41: 910 | C41: 01 | D41: 11 | E41: 89 | F41: 1 | G41: 00 | H41: 41180 | J41: =J42 -> 5 | K41: =K42 -> 5 | L41: =L42 -> 5
A42: Иные бюджетные ассигнования | B42: 910 | C42: 01 | D42: 11 | E42: 89 | F42: 1 | G42: 00 | H42: 41180 | I42: 800 | J42: =J43 -> 5 | K42: =K43 -> 5 | L42: =L43 -> 5
A43: Резервные средства | B43: 910 | C43: 01 | D43: 11 | E43: 89 | F43: 1 | G43: 00 | H43: 41180 | I43: 870 | J43: 5 | K43: 5 | L43: 5
A44: Другие общегосударственные вопросы | B44: 910 | C44: 01 | D44: 13 | J44: =J45 -> 0.5 | K44: =K45 -> 0.5 | L44: =L45 -> 0.5
A45: Муниципальная программа «Использование и охрана земель на территории Адашевского сельского поселения Кадошкинского муниципального района Республики Мордовия на 2023-2025 годы» | B45: 910 | C45: 01 | D45: 13 | E45: 11 | J45: =J46 -> 0.5 | K45: =K46 -> 0.5 | L45: =L46 -> 0.5
A46: Мероприятия, связанные с муниципальным управлением | B46: 910 | C46: 01 | D46: 13 | E46: 11 | F46: 0 | G46: 00 | H46: 41210 | J46: =J47 -> 0.5 | K46: =K47 -> 0.5 | L46: =L47 -> 0.5
A47: Закупка товаров, работ и услуг для обеспечения государственных (муниципальных) нужд | B47: 910 | C47: 01 | D47: 13 | E47: 11 | F47: 0 | G47: 00 | H47: 41210 | I47: 200 | J47: =J48 -> 0.5 | K47: =K48 -> 0.5 | L47: =L48 -> 0.5
A48: Иные закупки товаров, работ и услуг для обеспечения государственных (муниципальных) нужд | B48: 910 | C48: 01 | D48: 13 | E48: 11 | F48: 0 | G48: 00 | H48: 41210 | I48: 240 | J48: 0.5 | K48: 0.5 | L48: 0.5
A49: Национальная оборона | B49: 910 | C49: 02 | J49: =J50 -> 109.3 | K49: =K50 -> 114.4 | L49: =L50 -> 118.7
A50: Мобилизационная и вневойсковая подготовка | B50: 910 | C50: 02 | D50: 03 | J50: =J53 -> 109.3 | K50: =K53 -> 114.4 | L50: =L53 -> 118.7
A51: Непрограммные расходы главных распорядителей средств бюджета Адашевского сельского поселения Кадошкинского муниципального района Республики Мордовия | B51: 910 | C51: 02 | D51: 03 | E51: 89 | J51: =J52 -> 109.3 | K51: =K52 -> 114.4 | L51: =L52 -> 118.7
A52: Непрограммные расходы в рамках обеспечения деятельности главных распорядителей средств бюджета Адашевского сельского поселения Кадошкинского муниципального района Республики Мордовия | B52: 910 | C52: 02 | D52: 03 | E52: 89 | F52: 1 | J52: =J53 -> 109.3 | K52: =K53 -> 114.4 | L52: =L53 -> 118.7
A53: Осуществление государственных полномочий Российской Федерации о первичному воинскому учету на территориях, где отсутствуют военные комиссариаты | B53: 910 | C53: 02 | D53: 03 | E53: 89 | F53: 1 | G53: 00 | H53: 51180 | J53: =J54+J56 -> 109.3 | K53: =K54+K56 -> 114.4 | L53: =L54+L56 -> 118.7
A54: Расходы на выплаты персоналу в целях обеспечения выполнения функций государственными (муниципальными) органами, казенными учреждениями, органами управления государственными внебюджетными фондами | B54: 910 | C54: 02 | D54: 03 | E54: 89 | F54: 1 | G54: 00 | H54: 51180 | I54: 100 | J54: =J55 -> 105.3 | K54: =K55 -> 110.4 | L54: =L55 -> 114.7
A55: Расходы на выплаты персоналу государственных (муниципальных) органов | B55: 910 | C55: 02 | D55: 03 | E55: 89 | F55: 1 | G55: 00 | H55: 51180 | I55: 120 | J55: 105.3 | K55: 110.4 | L55: 114.7
A56: Закупка товаров, работ и услуг для обеспечения государственных (муниципальных) нужд | B56: 910 | C56: 02 | D56: 03 | E56: 89 | F56: 1 | G56: 00 | H56: 51180 | I56: 200 | J56: =J57 -> 4 | K56: =K57 -> 4 | L56: =L57 -> 4
A57: Иные закупки товаров, работ и услуг для обеспечения государственных (муниципальных) нужд | B57: 910 | C57: 02 | D57: 03 | E57: 89 | F57: 1 | G57: 00 | H57: 51180 | I57: 240 | J57: 4 | K57: 4 | L57: 4
A58: Национальная экономика | B58: 910 | C58: 04 | J58: =J59 -> 267.3 | K58: =K59 -> 283.4 | L58: =L59 -> 294.8
A59: Дорожное хозяйство (дорожные фонды) | B59: 910 | C59: 04 | D59: 09 | J59: =J60+J64 -> 267.3 | K59: =K60+K64 -> 283.4 | L59: =L60+L64 -> 294.8
A60: Муниципальная программа «Комплексное развитие систем транспортной инфраструктуры Адашевского сельского поселения Кадошкинского муниципального района Республики Мордовия на 2017 – 2025 годы» | B60: 910 | C60: 04 | D60: 09 | E60: 13 | J60: =J61 -> 247.45 | K60: =K61 -> 268.6 | L60: =L61 -> 280.1
A61: Иные межбюджетные трансферты на осуществление полномочий по дорожной деятельности в отношении автомобильных дорог местного значения в границах населенных пунктов поселения и обеспечению безопасности дорожного движения на них, включая создание и обеспечение функционирования парковок (парковочных мест), осуществлению муниципального контроля за сохранностью автомобильных дорог местного значения в границах населенных пунктов поселения, организации дорожного движения, а также осуществлению иных полномочий в области использования автомобильных дорог и осуществления дорожной деятельности в соответствии с законодательством Российской Федерации | B61: 910 | C61: 04 | D61: 09 | E61: 13 | F61: 0 | G61: 01 | H61: 44102 | J61: =J62 -> 247.45 | K61: =K62 -> 268.6 | L61: =L62 -> 280.1
A62: Закупка товаров, работ и услуг для обеспечения государственных (муниципальных) нужд | B62: 910 | C62: 04 | D62: 09 | E62: 13 | F62: 0 | G62: 01 | H62: 44102 | I62: 200 | J62: =J63 -> 247.45 | K62: =K63 -> 268.6 | L62: =L63 -> 280.1
A63: Иные закупки товаров, работ и услуг для обеспечения государственных (муниципальных) нужд | B63: 910 | C63: 04 | D63: 09 | E63: 13 | F63: 0 | G63: 01 | H63: 44102 | I63: 240 | J63: 247.45 | K63: 268.6 | L63: 280.1
A64: Муниципальная программа «Оформление в собственность автомобильных дорог местного значения общего пользования Адашевского сельского поселения» | B64: 910 | C64: 04 | D64: 09 | E64: 14 | J64: =J65 -> 19.85 | K64: =K65 -> 14.8 | L64: =L65 -> 14.7
A65: Иные межбюджетные трансферты на осуществление полномочий по дорожной деятельности в отношении автомобильных дорог местного значения в границах населенных пунктов поселения и обеспечению безопасности дорожного движения на них, включая создание и обеспечение функционирования парковок (парковочных мест), осуществлению муниципального контроля за сохранностью автомобильных дорог местного значения в границах населенных пунктов поселения, организации дорожного движения, а также осуществлению иных полномочий в области использования автомобильных дорог и осуществления дорожной деятельности в соответствии с законодательством Российской Федерации | B65: 910 | C65: 04 | D65: 09 | E65: 14 | F65: 0 | G65: 01 | H65: 44102 | J65: =J66 -> 19.85 | K65: =K66 -> 14.8 | L65: =L66 -> 14.7
A66: Закупка товаров, работ и услуг для обеспечения государственных (муниципальных) нужд | B66: 910 | C66: 04 | D66: 09 | E66: 14 | F66: 0 | G66: 01 | H66: 44102 | I66: 200 | J66: =J67 -> 19.85 | K66: =K67 -> 14.8 | L66: =L67 -> 14.7
A67: Иные закупки товаров, работ и услуг для обеспечения государственных (муниципальных) нужд | B67: 910 | C67: 04 | D67: 09 | E67: 14 | F67: 0 | G67: 01 | H67: 44102 | I67: 240 | J67: 19.85 | K67: 14.8 | L67: 14.7
A68: Жилищно-коммунальное хозяйство | B68: 910 | C68: 05 | J68: =J75+J69 -> 185.1 | K68: =K75+K69 -> 125.3 | L68: =L75+L69 -> 129.1
A69: Коммунальное хозяйство | B69: 910 | C69: 05 | D69: 02 | J69: =J70 -> 30 | K69: =K70 -> 30 | L69: =L70 -> 30
A70: Непрограммные расходы главных распорядителей средств бюджета Адашевского сельского поселения Кадошкинского муниципального района Республики Мордовия | B70: 910 | C70: 05 | D70: 02 | E70: 89 | J70: =J71 -> 30 | K70: =K71 -> 30 | L70: =L71 -> 30
A71: Непрограммные расходы в рамках обеспечения деятельности главных распорядителей средств бюджета Адашевского сельского поселения Кадошкинского муниципального района Республики Мордовия | B71: 910 | C71: 05 | D71: 02 | E71: 89 | F71: 1 | J71: =J72 -> 30 | K71: =K72 -> 30 | L71: =L72 -> 30
A72: Иные межбюджетные трансферты на осуществление полномочий по организации в границах поселения электро-, тепло-, газо- и водоснабжения населения, водоотведения, снабжения населения топливом в пределах полномочий, установленных законодательством Российской Федерации | B72: 910 | C72: 05 | D72: 02 | E72: 89 | F72: 1 | G72: 00 | H72: 44101 | J72: =J73 -> 30 | K72: =K73 -> 30 | L72: =L73 -> 30
A73: Закупка товаров, работ и услуг для обеспечения государственных (муниципальных) нужд | B73: 910 | C73: 05 | D73: 02 | E73: 89 | F73: 1 | G73: 00 | H73: 44101 | I73: 200 | J73: =J74 -> 30 | K73: =K74 -> 30 | L73: =L74 -> 30
A74: Иные закупки товаров, работ и услуг для обеспечения государственных (муниципальных) нужд | B74: 910 | C74: 05 | D74: 02 | E74: 89 | F74: 1 | G74: 00 | H74: 44101 | I74: 240 | J74: 30 | K74: 30 | L74: 30
A75: Благоустройство | B75: 910 | C75: 05 | D75: 03 | J75: =J76 -> 155.1 | K75: =K76 -> 95.3 | L75: =L76 -> 99.1
A76: Непрограммные расходы главных распорядителей средств бюджета Адашевского сельского поселения Кадошкинского муниципального района Республики Мордовия | B76: 910 | C76: 05 | D76: 03 | E76: 89 | J76: =J78+J81 -> 155.1 | K76: =K78+K81 -> 95.3 | L76: =L78+L81 -> 99.1
A77: Непрограммные расходы в рамках обеспечения деятельности главных распорядителей средств бюджета Адашевского сельского поселения Кадошкинского муниципального района Республики Мордовия | B77: 910 | C77: 05 | D77: 03 | E77: 89 | F77: 1 | J77: =J78+J81 -> 155.1 | K77: =K78+K81 -> 95.3 | L77: =L78+L81 -> 99.1
A78: Уличное освещение | B78: 910 | C78: 05 | D78: 03 | E78: 89 | F78: 1 | G78: 00 | H78: 43010 | J78: =J79 -> 80 | K78: =K79 -> 50 | L78: =L79 -> 50
A79: Закупка товаров, работ и услуг для обеспечения государственных (муниципальных) нужд | B79: 910 | C79: 05 | D79: 03 | E79: 89 | F79: 1 | G79: 00 | H79: 43010 | I79: 200 | J79: =J80 -> 80 | K79: =K80 -> 50 | L79: =L80 -> 50
A80: Иные закупки товаров, работ и услуг для обеспечения государственных (муниципальных) нужд | B80: 910 | C80: 05 | D80: 03 | E80: 89 | F80: 1 | G80: 00 | H80: 43010 | I80: 240 | J80: 80 | K80: 50 | L80: 50
A81: Прочие мероприятия по благоустройству | B81: 910 | C81: 05 | D81: 03 | E81: 89 | F81: 1 | G81: 00 | H81: 43040 | J81: =J82 -> 75.1 | K81: =K82 -> 45.3 | L81: =L82 -> 49.1
A82: Закупка товаров, работ и услуг для обеспечения государственных (муниципальных) нужд | B82: 910 | C82: 05 | D82: 03 | E82: 89 | F82: 1 | G82: 00 | H82: 43040 | I82: 200 | J82: =J83 -> 75.1 | K82: =K83 -> 45.3 | L82: =L83 -> 49.1
A83: Иные закупки товаров, работ и услуг для обеспечения государственных (муниципальных) нужд | B83: 910 | C83: 05 | D83: 03 | E83: 89 | F83: 1 | G83: 00 | H83: 43040 | I83: 240 | J83: 75.1 | K83: 45.3 | L83: 49.1
A84: Социальная политика | B84: 910 | C84: 10 | J84: =J85 -> 83.1 | K84: =K85 -> 62.3 | L84: =L85 -> 42.6
A85: Пенсионное обеспечение | B85: 910 | C85: 10 | D85: 01 | J85: =J86 -> 83.1 | K85: =K86 -> 62.3 | L85: =L86 -> 42.6
A86: Непрограммные расходы главных распорядителей средств бюджета Адашевского сельского поселения Кадошкинского муниципального района Республики Мордовия | B86: 910 | C86: 10 | D86: 01 | E86: 89 | J86: =J87 -> 83.1 | K86: =K87 -> 62.3 | L86: =L87 -> 42.6
A87: Непрограммные расходы в рамках обеспечения деятельности главных распорядителей средств бюджета Адашевского сельского поселения Кадошкинского муниципального района Республики Мордовия | B87: 910 | C87: 10 | D87: 01 | E87: 89 | F87: 1 | J87: =J88 -> 83.1 | K87: =K88 -> 62.3 | L87: =L88 -> 42.6
A88: Доплаты к пенсиям муниципальных служащих Республики Мордовия | B88: 910 | C88: 10 | D88: 01 | E88: 89 | F88: 1 | G88: 00 | H88: 03010 | J88: =J89 -> 83.1 | K88: =K89 -> 62.3 | L88: =L89 -> 42.6
A89: Социальное обеспечение и иные выплаты населению | B89: 910 | C89: 10 | D89: 01 | E89: 89 | F89: 1 | G89: 00 | H89: 03010 | I89: 300 | J89: =J90 -> 83.1 | K89: =K90 -> 62.3 | L89: =L90 -> 42.6
A90: Публичные нормативные социальные выплаты гражданам | B90: 910 | C90: 10 | D90: 01 | E90: 89 | F90: 1 | G90: 00 | H90: 03010 | I90: 310 | J90: 83.1 | K90: =83.1-K104 -> 62.3 | L90: =83.1-L104 -> 42.6
A91: Обслуживание государственного и муниципального долга | B91: 910 | C91: 13 | J91: =J92 -> 1 | K91: =K92 -> 1 | L91: =L92 -> 1
A92: Обслуживание государственного внутреннего и муниципального долга | B92: 910 | C92: 13 | D92: 01 | J92: =J93 -> 1 | K92: =K93 -> 1 | L92: =L93 -> 1
A93: Непрограммные расходы главных распорядителей средств бюджета Адашевского сельского поселения Кадошкинского муниципального района Республики Мордовия | B93: 910 | C93: 13 | D93: 01 | E93: 89 | J93: =J94 -> 1 | K93: =K94 -> 1 | L93: =L94 -> 1
A94: Непрограммные расходы в рамках обеспечения деятельности главных распорядителей средств бюджета Адашевского сельского поселения Кадошкинского муниципального района Республики Мордовия | B94: 910 | C94: 13 | D94: 01 | E94: 89 | F94: 1 | J94: =J95 -> 1 | K94: =K95 -> 1 | L94: =L95 -> 1
A95: Процентные платежи по муниципальному долгу | B95: 910 | C95: 13 | D95: 01 | E95: 89 | F95: 1 | G95: 00 | H95: 41240 | J95: =J96 -> 1 | K95: =K96 -> 1 | L95: =L96 -> 1
A96: Обслуживание государственного (муниципального) долга | B96: 910 | C96: 13 | D96: 01 | E96: 89 | F96: 1 | G96: 00 | H96: 41240 | I96: 700 | J96: =J97 -> 1 | K96: =K97 -> 1 | L96: =L97 -> 1
A97: Обслуживание муниципального долга | B97: 910 | C97: 13 | D97: 01 | E97: 89 | F97: 1 | G97: 00 | H97: 41240 | I97: 730 | J97: 1 | K97: 1 | L97: 1
A98: Условно утверждаемые расходы | B98: 910 | C98: 99 | K98: =K99 -> 20.8 | L98: =L99 -> 40.5
A99: Условно утверждаемые расходы | B99: 910 | C99: 99 | D99: 99 | K99: =K100 -> 20.8 | L99: =L100 -> 40.5
A100: Непрограммные расходы главных распорядителей средств бюджета Адашевского сельского поселения Кадошкинского муниципального района Республики Мордовия | B100: 910 | C100: 99 | D100: 99 | E100: 89 | F100: 0 | K100: =K101 -> 20.8 | L100: =L101 -> 40.5
...

Sheet Прил 3
I1: Приложение 3 к решению Совета депутатов Адашевского сельского поселения "О бюджете Адашевского сельского поселения Кадошкинского муниципального района Республики Мордовия на 2023 год и на плановый период 2024 и 2025 годов"
A2: РАСПРЕДЕЛЕНИЕ БЮДЖЕТНЫХ АССИГНОВАНИЙ БЮДЖЕТА АДАШЕВСКОГО СЕЛЬСКОГО ПОСЕЛЕНИЯ КАДОШКИНСКОГО МУНИЦИПАЛЬНОГО РАЙОНА РЕСПУБЛИКИ МОРДОВИЯ ПО РАЗДЕЛАМ, ПОДРАЗДЕЛАМ, ЦЕЛЕВЫМ СТАТЬЯМ (МУНИЦИПАЛЬНЫМ ПРОГРАММАМ И НЕПРОГРАММНЫМ НАПРАВЛЕНИЯМ ДЕЯТЕЛЬНОСТИ), ГРУППАМ И ПОДГРУППАМ ВИДОВ РАСХОДОВ КЛАССИФИКАЦИИ РАСХОДОВ БЮДЖЕТОВ НА 2023 ГОД И НА ПЛАНОВЫЙ ПЕРИОД 2024 И 2025 ГОДОВ
K3: (тыс. рублей)
A4: Наименование | B4: Рз | C4: Прз | D4: Цср | H4: Вр | I4: Сумма
I5: 2023 год | J5: 2024 год | K5: 2025 год
A6: 1 | B6: 2 | C6: 3 | D6: 4 | E6: 5 | F6: 6 | G6: 7 | H6: 8 | I6: 9 | J6: 10 | K6: 11
A7: ВСЕГО | I7: =I8+I48+I57+I67+I81+I88 -> 1665.825 | J7: =J8+J48+J57+J67+J81+J88+J100 -> 1227.4 | K7: =K8+K48+K57+K67+K81+K88+K100 -> 1211.8
A8: Общегосударственные вопросы | B8: 01 | I8: =I9+I18+I37+I43 -> 1020.025 | J8: =J9+J18+J37+J43 -> 620.2 | K8: =K9+K18+K37+K43 -> 585.1
A9: Функционирование высшего должностного лица субъекта Российской Федерации и муниципального образования | B9: 01 | C9: 02 | I9: =I10 -> 436.825 | J9: =J10 -> 258.3 | K9: =K10 -> 256.2
A10: Обеспечение деятельности администрации | B10: 01 | C10: 02 | D10: 65 | I10: =I11 -> 436.825 | J10: =J11 -> 258.3 | K10: =K11 -> 256.2
A11: Высшее должностное лицо | B11: 01 | C11: 02 | D11: 65 | E11: 1 | I11: =I12+I15 -> 436.825 | J11: =J12 -> 258.3 | K11: =K12 -> 256.2
A12: Расходы на выплаты по оплате труда высшего должностного лица | B12: 01 | C12: 02 | D12: 65 | E12: 1 | F12: 00 | G12: 41150 | I12: =I13 -> 367.8 | J12: =J13 -> 258.3 | K12: =K13 -> 256.2
A13: Расходы на выплаты персоналу в целях обеспечения выполнения функций государственными (муниципальными) органами, казенными учреждениями, органами управления государственными внебюджетными фондами | B13: 01 | C13: 02 | D13: 65 | E13: 1 | F13: 00 | G13: 41150 | H13: 100 | I13: =I14 -> 367.8 | J13: =J14 -> 258.3 | K13: =K14 -> 256.2
A14: Расходы на выплаты персоналу государственных (муниципальных) органов | B14: 01 | C14: 02 | D14: 65 | E14: 1 | F14: 00 | G14: 41150 | H14: 120 | I14: ='Прил 2'!J15 -> 367.8 | J14: ='Прил 2'!K15 -> 258.3 | K14: ='Прил 2'!L15 -> 256.2
A15: Субсидии на софинансирование расходных обязательств по финансовому обеспечению деятельности органов местного самоуправления и муниципальных учреждений | B15: 01 | C15: 02 | D15: 65 | E15: 1 | F15: 00 | G15: 44205 | I15: =I16 -> 69.025 | J15: =J16 -> 0 | K15: =K16 -> 0
A16: Расходы на выплаты персоналу в целях обеспечения выполнения функций государственными (муниципальными) органами, казенными учреждениями, органами управления государственными внебюджетными фондами | B16: 01 | C16: 02 | D16: 65 | E16: 1 | F16: 00 | G16: 44205 | H16: 100 | I16: =I17 -> 69.025 | J16: =J17 -> 0 | K16: =K17 -> 0
A17: Расходы на выплаты персоналу государственных (муниципальных) органов | B17: 01 | C17: 02 | D17: 65 | E17: 1 | F17: 00 | G17: 44205 | H17: 120 | I17: ='Прил 2'!J18 -> 69.025 | J17: ='Прил 2'!K18 -> 0 | K17: ='Прил 2'!L18 -> 0
A18: Функционирование Правительства Российской Федерации, высших органов исполнительной власти субъектов Российской Федерации, местных администраций | B18: 01 | C18: 04 | I18: =I19+I32 -> 577.7 | J18: =J19+J32 -> 356.4 | K18: =K19+K32 -> 323.4
A19: Обеспечение деятельности администрации | B19: 01 | C19: 04 | D19: 65 | I19: =I20 -> 577.5 | J19: =J20 -> 356.1 | K19: =K20 -> 323.1
A20: Непрограммные расходы в рамках обеспечения деятельности администрации | B20: 01 | C20: 04 | D20: 65 | E20: 2 | I20: =I21+I24+I29 -> 577.5 | J20: =J21+J24 -> 356.1 | K20: =K21+K24 -> 323.1
A21: Расходы на выплаты по оплате труда работников органов местного самоуправления | B21: 01 | C21: 04 | D21: 65 | E21: 2 | F21: 00 | G21: 41110 | I21: =I22 -> 148.8 | J21: =J22 -> 271.2 | K21: =K22 -> 230
A22: Расходы на выплаты персоналу в целях обеспечения выполнения функций государственными (муниципальными) органами, казенными учреждениями, органами управления государственными внебюджетными фондами | B22: 01 | C22: 04 | D22: 65 | E22: 2 | F22: 00 | G22: 41110 | H22: 100 | I22: =I23 -> 148.8 | J22: =J23 -> 271.2 | K22: =K23 -> 230
A23: Расходы на выплаты персоналу государственных (муниципальных) органов | B23: 01 | C23: 04 | D23: 65 | E23: 2 | F23: 00 | G23: 41110 | H23: 120 | I23: ='Прил 2'!J24 -> 148.8 | J23: ='Прил 2'!K24 -> 271.2 | K23: ='Прил 2'!L24 -> 230
A24: Расходы на обеспечение функций органов местного самоуправления | B24: 01 | C24: 04 | D24: 65 | E24: 2 | F24: 00 | G24: 41120 | I24: =I27+I25 -> 245.2 | J24: =J27+J25 -> 84.9 | K24: =K27+K25 -> 93.1
A25: Закупка товаров, работ и услуг для обеспечения государственных (муниципальных) нужд | B25: 01 | C25: 04 | D25: 65 | E25: 2 | F25: 00 | G25: 41120 | H25: 200 | I25: =I26 -> 217.6 | J25: =J26 -> 62.5 | K25: =K26 -> 70.7
A26: Иные закупки товаров, работ и услуг для обеспечения государственных (муниципальных) нужд | B26: 01 | C26: 04 | D26: 65 | E26: 2 | F26: 00 | G26: 41120 | H26: 240 | I26: ='Прил 2'!J27 -> 217.6 | J26: ='Прил 2'!K27 -> 62.5 | K26: ='Прил 2'!L27 -> 70.7
A27: Иные бюджетные ассигнования | B27: 01 | C27: 04 | D27: 65 | E27: 2 | F27: 00 | G27: 41120 | H27: 800 | I27: =I28 -> 27.6 | J27: =J28 -> 22.4 | K27: =K28 -> 22.4
A28: Уплата налогов, сборов и иных платежей | B28: 01 | C28: 04 | D28: 65 | E28: 2 | F28: 00 | G28: 41120 | H28: 850 | I28: ='Прил 2'!J29 -> 27.6 | J28: ='Прил 2'!K29 -> 22.4 | K28: ='Прил 2'!L29 -> 22.4
A29: Субсидии на софинансирование расходных обязательств по финансовому обеспечению деятельности органов местного самоуправления и муниципальных учреждений | B29: 01 | C29: 04 | D29: 65 | E29: 2 | F29: 00 | G29: 44205 | I29: =I30 -> 183.5 | J29: =J30 -> 0 | K29: =K30 -> 0
A30: Расходы на выплаты персоналу в целях обеспечения выполнения функций государственными (муниципальными) органами, казенными учреждениями, органами управления государственными внебюджетными фондами | B30: 01 | C30: 04 | D30: 65 | E30: 2 | F30: 00 | G30: 44205 | H30: 100 | I30: =I31 -> 183.5 | J30: =J31 -> 0 | K30: =K31 -> 0
A31: Расходы на выплаты персоналу государственных (муниципальных) органов | B31: 01 | C31: 04 | D31: 65 | E31: 2 | F31: 00 | G31: 44205 | H31: 120 | I31: ='Прил 2'!J32 -> 183.5 | J31: ='Прил 2'!K32 -> 0 | K31: ='Прил 2'!L32 -> 0
A32: Непрограммные расходы главных распорядителей средств бюджета Адашевского сельского поселения Кадошкинского муниципального района Республики Мордовия | B32: 01 | C32: 04 | D32: 89 | I32: =I33 -> 0.2 | J32: =J33 -> 0.3 | K32: =K33 -> 0.3
A33: Непрограммные расходы в рамках обеспечения деятельности главных распорядителей средств бюджета Адашевского сельского поселения Кадошкинского муниципального района Республики Мордовия | B33: 01 | C33: 04 | D33: 89 | E33: 1 | I33: =I34 -> 0.2 | J33: =J34 -> 0.3 | K33: =K34 -> 0.3
A34: Осуществление государственных полномочий Республики Мордовия по определению перечня должностных лиц, уполномоченных составлять протоколы об административных правонарушениях, предусмотренных Законом Республики Мордовия от 15 июня 2015 года № 38-З "Об административной ответственности на территории Республики Мордовия" | B34: 01 | C34: 04 | D34: 89 | E34: 1 | F34: 00 | G34: 77150 | I34: =I35 -> 0.2 | J34: =J35 -> 0.3 | K34: =K35 -> 0.3
A35: Закупка товаров, работ и услуг для обеспечения государственных (муниципальных) нужд | B35: 01 | C35: 04 | D35: 89 | E35: 1 | F35: 00 | G35: 77150 | H35: 200 | I35: =I36 -> 0.2 | J35: =J36 -> 0.3 | K35: =K36 -> 0.3
A36: Иные закупки товаров, работ и услуг для обеспечения государственных (муниципальных) нужд | B36: 01 | C36: 04 | D36: 89 | E36: 1 | F36: 00 | G36: 77150 | H36: 240 | I36: ='Прил 2'!J37 -> 0.2 | J36: ='Прил 2'!K37 -> 0.3 | K36: ='Прил 2'!L37 -> 0.3
A37: Резервные фонды | B37: 01 | C37: 11 | I37: =I38 -> 5 | J37: =J38 -> 5 | K37: =K38 -> 5
A38: Непрограммные расходы главных распорядителей средств бюджета Адашевского сельского поселения Кадошкинского муниципального района Республики Мордовия | B38: 01 | C38: 11 | D38: 89 | I38: =I39 -> 5 | J38: =J39 -> 5 | K38: =K39 -> 5
A39: Непрограммные расходы в рамках обеспечения деятельности главных распорядителей средств бюджета Адашевского сельского поселения Кадошкинского муниципального района Республики Мордовия | B39: 01 | C39: 11 | D39: 89 | E39: 1 | I39: =I40 -> 5 | J39: =J40 -> 5 | K39: =K40 -> 5
A40: Резервный фонд администрации Адашевского сельского поселения Кадошкинского муниципального района Республики Мордовия | B40: 01 | C40: 11 | D40: 89 | E40: 1 | F40: 00 | G40: 41180 | I40: =I41 -> 5 | J40: =J41 -> 5 | K40: =K41 -> 5
A41: Иные бюджетные ассигнования | B41: 01 | C41: 11 | D41: 89 | E41: 1 | F41: 00 | G41: 41180 | H41: 800 | I41: =I42 -> 5 | J41: =J42 -> 5 | K41: =K42 -> 5
A42: Резервные средства | B42: 01 | C42: 11 | D42: 89 | E42: 1 | F42: 00 | G42: 41180 | H42: 870 | I42: ='Прил 2'!J43 -> 5 | J42: ='Прил 2'!K43 -> 5 | K42: ='Прил 2'!L43 -> 5
A43: Другие общегосударственные вопросы | B43: 01 | C43: 13 | I43: =I44 -> 0.5 | J43: =J44 -> 0.5 | K43: =K44 -> 0.5
A44: Муниципальная программа «Использование и охрана земель на территории Адашевского сельского поселения Кадошкинского муниципального района Республики Мордовия на 2023-2025 годы» | B44: 01 | C44: 13 | D44: 11 | I44: =I45 -> 0.5 | J44: =J45 -> 0.5 | K44: =K45 -> 0.5
A45: Мероприятия, связанные с муниципальным управлением | B45: 01 | C45: 13 | D45: 11 | E45: 0 | F45: 00 | G45: 41210 | I45: =I46 -> 0.5 | J45: =J46 -> 0.5 | K45: =K46 -> 0.5
A46: Закупка товаров, работ и услуг для обеспечения государственных (муниципальных) нужд | B46: 01 | C46: 13 | D46: 11 | E46: 0 | F46: 00 | G46: 41210 | H46: 200 | I46: =I47 -> 0.5 | J46: =J47 -> 0.5 | K46: =K47 -> 0.5
A47: Иные закупки товаров, работ и услуг для обеспечения государственных (муниципальных) нужд | B47: 01 | C47: 13 | D47: 11 | E47: 0 | F47: 00 | G47: 41210 | H47: 240 | I47: ='Прил 2'!J48 -> 0.5 | J47: ='Прил 2'!K48 -> 0.5 | K47: ='Прил 2'!L48 -> 0.5
A48: Национальная оборона | B48: 02 | I48: =I49 -> 109.3 | J48: =J49 -> 114.4 | K48: =K49 -> 118.7
A49: Мобилизационная и вневойсковая подготовка | B49: 02 | C49: 03 | I49: =I50 -> 109.3 | J49: =J50 -> 114.4 | K49: =K50 -> 118.7
A50: Непрограммные расходы главных распорядителей средств бюджета Адашевского сельского поселения Кадошкинского муниципального района Республики Мордовия | B50: 02 | C50: 03 | D50: 89 | I50: =I51 -> 109.3 | J50: =J51 -> 114.4 | K50: =K51 -> 118.7
A51: Непрограммные расходы в рамках обеспечения деятельности главных распорядителей средств бюджета Адашевского сельского поселения Кадошкинского муниципального района Республики Мордовия | B51: 02 | C51: 03 | D51: 89 | E51: 1 | I51: =I52 -> 109.3 | J51: =J52 -> 114.4 | K51: =K52 -> 118.7
A52: Осуществление государственных полномочий Российской Федерации о первичному воинскому учету на территориях, где отсутствуют военные комиссариаты | B52: 02 | C52: 03 | D52: 89 | E52: 1 | F52: 00 | G52: 51180 | I52: =I53+I55 -> 109.3 | J52: =J53+J55 -> 114.4 | K52: =K53+K55 -> 118.7
A53: Расходы на выплаты персоналу в целях обеспечения выполнения функций государственными (муниципальными) органами, казенными учреждениями, органами управления государственными внебюджетными фондами | B53: 02 | C53: 03 | D53: 89 | E53: 1 | F53: 00 | G53: 51180 | H53: 100 | I53: =I54 -> 105.3 | J53: =J54 -> 110.4 | K53: =K54 -> 114.7
A54: Расходы на выплаты персоналу государственных (муниципальных) органов | B54: 02 | C54: 03 | D54: 89 | E54: 1 | F54: 00 | G54: 51180 | H54: 120 | I54: ='Прил 2'!J55 -> 105.3 | J54: ='Прил 2'!K55 -> 110.4 | K54: ='Прил 2'!L55 -> 114.7
A55: Закупка товаров, работ и услуг для обеспечения государственных (муниципальных) нужд | B55: 02 | C55: 03 | D55: 89 | E55: 1 | F55: 00 | G55: 51180 | H55: 200 | I55: =I56 -> 4 | J55: =J56 -> 4 | K55: =K56 -> 4
A56: Иные закупки товаров, работ и услуг для обеспечения государственных (муниципальных) нужд | B56: 02 | C56: 03 | D56: 89 | E56: 1 | F56: 00 | G56: 51180 | H56: 240 | I56: ='Прил 2'!J57 -> 4 | J56: ='Прил 2'!K57 -> 4 | K56: ='Прил 2'!L57 -> 4
A57: Национальная экономика | B57: 04 | I57: =I58 -> 267.3 | J57: =J58 -> 283.4 | K57: =K58 -> 294.8
A58: Дорожное хозяйство (дорожные фонды) | B58: 04 | C58: 09 | I58: =I59+I63 -> 267.3 | J58: =J59+J63 -> 283.4 | K58: =K59+K63 -> 294.8
A59: Муниципальная программа «Комплексное развитие систем транспортной инфраструктуры Адашевского сельского поселения Кадошкинского муниципального района Республики Мордовия на 2017 – 2025 годы» | B59: 04 | C59: 09 | D59: 13 | I59: =I60 -> 247.45 | J59: =J60 -> 268.6 | K59: =K60 -> 280.1
A60: Иные межбюджетные трансферты на осуществление полномочий по дорожной деятельности в отношении автомобильных дорог местного значения в границах населенных пунктов поселения и обеспечению безопасности дорожного движения на них, включая создание и обеспечение функционирования парковок (парковочных мест), осуществлению муниципального контроля за сохранностью автомобильных дорог местного значения в границах населенных пунктов поселения, организации дорожного движения, а также осуществлению иных полномочий в области использования автомобильных дорог и осуществления дорожной деятельности в соответствии с законодательством Российской Федерации | B60: 04 | C60: 09 | D60: 13 | E60: 0 | F60: 01 | G60: 44102 | I60: =I61 -> 247.45 | J60: =J61 -> 268.6 | K60: =K61 -> 280.1
A61: Закупка товаров, работ и услуг для обеспечения государственных (муниципальных) нужд | B61: 04 | C61: 09 | D61: 13 | E61: 0 | F61: 01 | G61: 44102 | H61: 200 | I61: =I62 -> 247.45 | J61: =J62 -> 268.6 | K61: =K62 -> 280.1
A62: Иные закупки товаров, работ и услуг для обеспечения государственных (муниципальных) нужд | B62: 04 | C62: 09 | D62: 13 | E62: 0 | F62: 01 | G62: 44102 | H62: 240 | I62: ='Прил 2'!J63 -> 247.45 | J62: ='Прил 2'!K63 -> 268.6 | K62: ='Прил 2'!L63 -> 280.1
A63: Муниципальная программа «Оформление в собственность автомобильных дорог местного значения общего пользования Адашевского сельского поселения» | B63: 04 | C63: 09 | D63: 14 | I63: =I64 -> 19.85 | J63: =J64 -> 14.8 | K63: =K64 -> 14.7
A64: Иные межбюджетные трансферты на осуществление полномочий по дорожной деятельности в отношении автомобильных дорог местного значения в границах населенных пунктов поселения и обеспечению безопасности дорожного движения на них, включая создание и обеспечение функционирования парковок (парковочных мест), осуществлению муниципального контроля за сохранностью автомобильных дорог местного значения в границах населенных пунктов поселения, организации дорожного движения, а также осуществлению иных полномочий в области использования автомобильных дорог и осуществления дорожной деятельности в соответствии с законодательством Российской Федерации | B64: 04 | C64: 09 | D64: 14 | E64: 0 | F64: 01 | G64: 44102 | I64: =I65 -> 19.85 | J64: =J65 -> 14.8 | K64: =K65 -> 14.7
A65: Закупка товаров, работ и услуг для обеспечения государственных (муниципальных) нужд | B65: 04 | C65: 09 | D65: 14 | E65: 0 | F65: 01 | G65: 44102 | H65: 200 | I65: =I66 -> 19.85 | J65: =J66 -> 14.8 | K65: =K66 -> 14.7
A66: Иные закупки товаров, работ и услуг для обеспечения государственных (муниципальных) нужд | B66: 04 | C66: 09 | D66: 14 | E66: 0 | F66: 01 | G66: 44102 | H66: 240 | I66: ='Прил 2'!J67 -> 19.85 | J66: ='Прил 2'!K67 -> 14.8 | K66: ='Прил 2'!L67 -> 14.7
A67: Жилищно-коммунальное хозяйство | B67: 05 | I67: =I74+I68 -> 185.1 | J67: =J74+J68 -> 125.3 | K67: =K74+K68 -> 129.1
A68: Коммунальное хозяйство | B68: 05 | C68: 02 | I68: =I69 -> 30 | J68: =J69 -> 30 | K68: =K69 -> 30
A69: Непрограммные расходы главных распорядителей средств бюджета Адашевского сельского поселения Кадошкинского муниципального района Республики Мордовия | B69: 05 | C69: 02 | D69: 89 | I69: =I70 -> 30 | J69: =J70 -> 30 | K69: =K70 -> 30
A70: Непрограммные расходы в рамках обеспечения деятельности главных распорядителей средств бюджета Адашевского сельского поселения Кадошкинского муниципального района Республики Мордовия | B70: 05 | C70: 02 | D70: 89 | E70: 1 | I70: =I71 -> 30 | J70: =J71 -> 30 | K70: =K71 -> 30
A71: Иные межбюджетные трансферты на осуществление полномочий по организации в границах поселения электро-, тепло-, газо- и водоснабжения населения, водоотведения, снабжения населения топливом в пределах полномочий, установленных законодательством Российской Федерации | B71: 05 | C71: 02 | D71: 89 | E71: 1 | F71: 00 | G71: 44101 | I71: =I72 -> 30 | J71: =J72 -> 30 | K71: =K72 -> 30
A72: Закупка товаров, работ и услуг для обеспечения государственных (муниципальных) нужд | B72: 05 | C72: 02 | D72: 89 | E72: 1 | F72: 00 | G72: 44101 | H72: 200 | I72: =I73 -> 30 | J72: =J73 -> 30 | K72: =K73 -> 30
A73: Иные закупки товаров, работ и услуг для обеспечения государственных (муниципальных) нужд | B73: 05 | C73: 02 | D73: 89 | E73: 1 | F73: 00 | G73: 44101 | H73: 240 | I73: ='Прил 2'!J74 -> 30 | J73: ='Прил 2'!K74 -> 30 | K73: ='Прил 2'!L74 -> 30
A74: Благоустройство | B74: 05 | C74: 03 | I74: ='Прил 3'!I75+'Прил 3'!I78 -> 155.1 | J74: ='Прил 3'!J75+'Прил 3'!J78 -> 95.3 | K74: ='Прил 3'!K75+'Прил 3'!K78 -> 99.1
A75: Уличное освещение | B75: 05 | C75: 03 | D75: 89 | E75: 1 | F75: 00 | G75: 43010 | I75: =I76 -> 80 | J75: =J76 -> 50 | K75: =K76 -> 50
A76: Закупка товаров, работ и услуг для обеспечения государственных (муниципальных) нужд | B76: 05 | C76: 03 | D76: 89 | E76: 1 | F76: 00 | G76: 43010 | H76: 200 | I76: =I77 -> 80 | J76: =J77 -> 50 | K76: =K77 -> 50
A77: Иные закупки товаров, работ и услуг для обеспечения государственных (муниципальных) нужд | B77: 05 | C77: 03 | D77: 89 | E77: 1 | F77: 00 | G77: 43010 | H77: 240 | I77: ='Прил 2'!J80 -> 80 | J77: ='Прил 2'!K80 -> 50 | K77: ='Прил 2'!L80 -> 50
A78: Прочие мероприятия по благоустройству | B78: 05 | C78: 03 | D78: 89 | E78: 1 | F78: 00 | G78: 43040 | I78: =I79 -> 75.1 | J78: =J79 -> 45.3 | K78: =K79 -> 49.1
A79: Закупка товаров, работ и услуг для обеспечения государственных (муниципальных) нужд | B79: 05 | C79: 03 | D79: 89 | E79: 1 | F79: 00 | G79: 43040 | H79: 200 | I79: =I80 -> 75.1 | J79: =J80 -> 45.3 | K79: =K80 -> 49.1
A80: Иные закупки товаров, работ и услуг для обеспечения государственных (муниципальных) нужд | B80: 05 | C80: 03 | D80: 89 | E80: 1 | F80: 00 | G80: 43040 | H80: 240 | I80: ='Прил 2'!J83 -> 75.1 | J80: ='Прил 2'!K83 -> 45.3 | K80: ='Прил 2'!L83 -> 49.1
A81: Социальная политика | B81: 10 | I81: =I82 -> 83.1 | J81: =J82 -> 62.3 | K81: =K82 -> 42.6
A82: Пенсионное обеспечение | B82: 10 | C82: 01 | I82: =I83 -> 83.1 | J82: =J83 -> 62.3 | K82: =K83 -> 42.6
A83: Непрограммные расходы главных распорядителей средств бюджета Адашевского сельского поселения Кадошкинского муниципального района Республики Мордовия | B83: 10 | C83: 01 | D83: 89 | I83: =I84 -> 83.1 | J83: =J84 -> 62.3 | K83: =K84 -> 42.6
A84: Непрограммные расходы в рамках обеспечения деятельности главных распорядителей средств бюджета Адашевского сельского поселения Кадошкинского муниципального района Республики Мордовия | B84: 10 | C84: 01 | D84: 89 | E84: 1 | I84: =I85 -> 83.1 | J84: =J85 -> 62.3 | K84: =K85 -> 42.6
A85: Доплаты к пенсиям муниципальных служащих Республики Мордовия | B85: 10 | C85: 01 | D85: 89 | E85: 1 | F85: 00 | G85: 03010 | I85: =I86 -> 83.1 | J85: =J86 -> 62.3 | K85: =K86 -> 42.6
A86: Социальное обеспечение и иные выплаты населению | B86: 10 | C86: 01 | D86: 89 | E86: 1 | F86: 00 | G86: 03010 | H86: 300 | I86: =I87 -> 83.1 | J86: =J87 -> 62.3 | K86: =K87 -> 42.6
A87: Публичные нормативные социальные выплаты гражданам | B87: 10 | C87: 01 | D87: 89 | E87: 1 | F87: 00 | G87: 03010 | H87: 310 | I87: ='Прил 2'!J90 -> 83.1 | J87: ='Прил 2'!K90 -> 62.3 | K87: ='Прил 2'!L90 -> 42.6
A88: Обслуживание государственного и муниципального долга | B88: 13 | I88: =I89 -> 1 | J88: =J89 -> 1 | K88: =K89 -> 1
A89: Обслуживание государственного внутреннего и муниципального долга | B89: 13 | C89: 01 | I89: =I90 -> 1 | J89: =J90 -> 1 | K89: =K90 -> 1
A90: Непрограммные расходы главных распорядителей средств бюджета Адашевского сельского поселения Кадошкинского муниципального района Республики Мордовия | B90: 13 | C90: 01 | D90: 89 | E90: 0 | I90: =I91 -> 1 | J90: =J91 -> 1 | K90: =K91 -> 1
A91: Непрограммные расходы в рамках обеспечения деятельности главных распорядителей средств бюджета Адашевского сельского поселения Кадошкинского муниципального района Республики Мордовия | B91: 13 | C91: 01 | D91: 89 | E91: 1 | I91: =I92 -> 1 | J91: =J92 -> 1 | K91: =K92 -> 1
A92: Процентные платежи по муниципальному долгу | B92: 13 | C92: 01 | D92: 89 | E92: 1 | F92: 00 | G92: 41240 | I92: =I93 -> 1 | J92: =J93 -> 1 | K92: =K93 -> 1
A93: Обслуживание государственного (муниципального) долга | B93: 13 | C93: 01 | D93: 89 | E93: 1 | F93: 00 | G93: 41240 | H93: 700 | I93: =I94 -> 1 | J93: =J94 -> 1 | K93: =K94 -> 1
A94: Обслуживание муниципального долга | B94: 13 | C94: 01 | D94: 89 | E94: 1 | F94: 00 | G94: 41240 | H94: 730 | I94: ='Прил 2'!J97 -> 1 | J94: ='Прил 2'!K97 -> 1 | K94: ='Прил 2'!L97 -> 1
A95: Условно утверждаемые расходы | B95: 99 | J95: =J96 -> 20.8 | K95: =K96 -> 40.5
A96: Условно утверждаемые расходы | B96: 99 | C96: 99 | J96: =J97 -> 20.8 | K96: =K97 -> 40.5
A97: Непрограммные расходы главных распорядителей средств бюджета Адашевского сельского поселения Кадошкинского муниципального района Республики Мордовия | B97: 99 | C97: 99 | D97: 89 | E97: 0 | J97: =J98 -> 20.8 | K97: =K98 -> 40.5
A98: Непрограммные расходы в рамках обеспечения деятельности главных распорядителей средств бюджета Адашевского сельского поселения Кадошкинского муниципального района Республики Мордовия | B98: 99 | C98: 99 | D98: 89 | E98: 1 | J98: =J99 -> 20.8 | K98: =K99 -> 40.5
A99: Условно утвержденные расходы | B99: 99 | C99: 99 | D99: 89 | E99: 1 | F99: 00 | G99: 41990 | J99: =J100 -> 20.8 | K99: =K100 -> 40.5
A100: Иные бюджетные ассигнования | B100: 99 | C100: 99 | D100: 89 | E100: 1 | F100: 00 | G100: 41990 | H100: 800 | J100: =J101 -> 20.8 | K100: =K101 -> 40.5
...

Sheet Прил 4
J1: Приложение 4 к решению Совета депутатов Адашевского сельского поселения "О бюджете Адашевского сельского поселения Кадошкинского муниципального района Республики Мордовия на 2023 год и на плановый период 2024 и 2025 годов"
A2: РАСПРЕДЕЛЕНИЕ БЮДЖЕТНЫХ АССИГНОВАНИЙ БЮДЖЕТА АДАШЕВСКОГО СЕЛЬСКОГО ПОСЕЛЕНИЯ КАДОШКИНСКОГО МУНИЦИПАЛЬНОГО РАЙОНА РЕСПУБЛИКИ МОРДОВИЯ ПО ЦЕЛЕВЫМ СТАТЬЯМ (МУНИЦИПАЛЬНЫМ ПРОГРАММАМ И НЕПРОГРАММНЫМ НАПРАВЛЕНИЯМ ДЕЯТЕЛЬНОСТИ), ГРУППАМ И ПОДГРУППАМ ВИДОВ РАСХОДОВ, РАЗДЕЛАМ И ПОДРАЗДЕЛАМ КЛАССИФИКАЦИИ РАСХОДОВ БЮДЖЕТОВ НА 2023 ГОД НА ПЛАНОВЫЙ ПЕРИОД 2024 И 2025 ГОДОВ
L3: (тыс. рублей)
A4: Наименование | B4: Цср | F4: ВР | G4: Рз | H4: Прз | I4: Адм | J4: Сумма
J5: 2023 год | K5: 2024 год | L5: 2025 год
A6: 1 | B6: 2 | C6: 3 | D6: 4 | E6: 5 | F6: 6 | G6: 7 | H6: 8 | I6: 9 | J6: 10 | K6: 11 | L6: 12
A7: ВСЕГО | J7: =J28+J66+J8+J21+J15 -> 1665.825 | K7: =K28+K66+K8+K21+K15 -> 1227.4 | L7: =L28+L66+L8+L21+L15 -> 1211.8
A8: Муниципальная программа «Использование и охрана земель на территории Адашевского сельского поселения Кадошкинского муниципального района Республики Мордовия на 2023-2025 годы» | B8: 11 | J8: =J9 -> 0.5 | K8: =K9 -> 0.5 | L8: =L9 -> 0.5
A9: Мероприятия, связанные с муниципальным управлением | B9: 11 | C9: 0 | D9: 00 | E9: 41210 | J9: =J10 -> 0.5 | K9: =K10 -> 0.5 | L9: =L10 -> 0.5
A10: Закупка товаров, работ и услуг для обеспечения государственных (муниципальных) нужд | B10: 11 | C10: 0 | D10: 00 | E10: 41210 | F10: 200 | J10: =J11 -> 0.5 | K10: =K11 -> 0.5 | L10: =L11 -> 0.5
A11: Иные закупки товаров, работ и услуг для обеспечения государственных (муниципальных) нужд | B11: 11 | C11: 0 | D11: 00 | E11: 41210 | F11: 240 | J11: =J12 -> 0.5 | K11: =K12 -> 0.5 | L11: =L12 -> 0.5
A12: Общегосударственные вопросы | B12: 11 | C12: 0 | D12: 00 | E12: 41210 | F12: 240 | G12: 01 | J12: =J13 -> 0.5 | K12: =K13 -> 0.5 | L12: =L13 -> 0.5
A13: Другие общегосударственные вопросы | B13: 11 | C13: 0 | D13: 00 | E13: 41210 | F13: 240 | G13: 01 | H13: 13 | J13: =J14 -> 0.5 | K13: =K14 -> 0.5 | L13: =L14 -> 0.5
A14: Администрация Адашевского сельского поселения Кадошкинского муниципального района Республики Мордовия | B14: 11 | C14: 0 | D14: 00 | E14: 41210 | F14: 240 | G14: 01 | H14: 13 | I14: 910 | J14: ='Прил 2'!J45 -> 0.5 | K14: ='Прил 2'!K45 -> 0.5 | L14: ='Прил 2'!L45 -> 0.5
A15: Иные межбюджетные трансферты на осуществление полномочий по дорожной деятельности в отношении автомобильных дорог местного значения в границах населенных пунктов поселения и обеспечению безопасности дорожного движения на них, включая создание и обеспечение функционирования парковок (парковочных мест), осуществлению муниципального контроля за сохранностью автомобильных дорог местного значения в границах населенных пунктов поселения, организации дорожного движения, а также осуществлению иных полномочий в области использования автомобильных дорог и осуществления дорожной деятельности в соответствии с законодательством Российской Федерации | B15: 13 | C15: 0 | D15: 01 | E15: 44102 | J15: =J16 -> 247.45 | K15: =K16 -> 268.6 | L15: =L16 -> 280.1
A16: Иные закупки товаров, работ и услуг для обеспечения государственных (муниципальных) нужд | B16: 13 | C16: 0 | D16: 01 | E16: 44102 | F16: 200 | J16: =J17 -> 247.45 | K16: =K17 -> 268.6 | L16: =L17 -> 280.1
A17: Прочая закупка товаров, работ и услуг | B17: 13 | C17: 0 | D17: 01 | E17: 44102 | F17: 240 | J17: =J18 -> 247.45 | K17: =K18 -> 268.6 | L17: =L18 -> 280.1
A18: Национальная экономика | B18: 13 | C18: 0 | D18: 01 | E18: 44102 | F18: 240 | G18: 04 | J18: =J19 -> 247.45 | K18: =K19 -> 268.6 | L18: =L19 -> 280.1
A19: Дорожное хозяйство (дорожные фонды) | B19: 13 | C19: 0 | D19: 01 | E19: 44102 | F19: 240 | G19: 04 | H19: 09 | J19: =J20 -> 247.45 | K19: =K20 -> 268.6 | L19: =L20 -> 280.1
A20: Администрация Адашевского сельского поселения Кадошкинского муниципального района Республики Мордовия | B20: 13 | C20: 0 | D20: 01 | E20: 44102 | F20: 240 | G20: 04 | H20: 09 | I20: 910 | J20: ='Прил 2'!J63 -> 247.45 | K20: ='Прил 2'!K63 -> 268.6 | L20: ='Прил 2'!L63 -> 280.1
A21: Муниципальная программа «Оформление в собственность автомобильных дорог местного значения общего пользования Адашевского сельского поселения» | B21: 14 | J21: =J22 -> 19.85 | K21: =K22 -> 14.8 | L21: =L22 -> 14.7
A22: Иные межбюджетные трансферты на осуществление полномочий по дорожной деятельности в отношении автомобильных дорог местного значения в границах населенных пунктов поселения и обеспечению безопасности дорожного движения на них, включая создание и обеспечение функционирования парковок (парковочных мест), осуществлению муниципального контроля за сохранностью автомобильных дорог местного значения в границах населенных пунктов поселения, организации дорожного движения, а также осуществлению иных полномочий в области использования автомобильных дорог и осуществления дорожной деятельности в соответствии с законодательством Российской Федерации | B22: 14 | C22: 0 | D22: 01 | E22: 44102 | J22: =J23 -> 19.85 | K22: =K23 -> 14.8 | L22: =L23 -> 14.7
A23: Закупка товаров, работ и услуг для обеспечения государственных (муниципальных) нужд | B23: 14 | C23: 0 | D23: 01 | E23: 44102 | F23: 200 | J23: =J24 -> 19.85 | K23: =K24 -> 14.8 | L23: =L24 -> 14.7
A24: Иные закупки товаров, работ и услуг для обеспечения государственных (муниципальных) нужд | B24: 14 | C24: 0 | D24: 01 | E24: 44102 | F24: 240 | J24: =J25 -> 19.85 | K24: =K25 -> 14.8 | L24: =L25 -> 14.7
A25: Национальная экономика | B25: 14 | C25: 0 | D25: 01 | E25: 44102 | F25: 240 | G25: 04 | J25: =J26 -> 19.85 | K25: =K26 -> 14.8 | L25: =L26 -> 14.7
A26: Дорожное хозяйство (дорожные фонды) | B26: 14 | C26: 0 | D26: 01 | E26: 44102 | F26: 240 | G26: 04 | H26: 09 | J26: =J27 -> 19.85 | K26: =K27 -> 14.8 | L26: =L27 -> 14.7
A27: Администрация Адашевского сельского поселения Кадошкинского муниципального района Республики Мордовия | B27: 14 | C27: 0 | D27: 01 | E27: 44102 | F27: 240 | G27: 04 | H27: 09 | I27: 910 | J27: ='Прил 2'!J67 -> 19.85 | K27: ='Прил 2'!K67 -> 14.8 | L27: ='Прил 2'!L67 -> 14.7
A28: Обеспечение деятельности администрации | B28: 65 | J28: =J29+J42 -> 1014.325 | K28: =K29+K42 -> 614.4 | L28: =L29+L42 -> 579.3
A29: Высшее должностное лицо | B29: 65 | C29: 1 | J29: =J30+J37 -> 436.825 | K29: =K30 -> 258.3 | L29: =L30 -> 256.2
A30: Расходы на выплаты по оплате труда высшего должностного лица муниципального образования | B30: 65 | C30: 1 | D30: 00 | E30: 41150 | J30: =J33 -> 367.8 | K30: =K33 -> 258.3 | L30: =L33 -> 256.2
A31: Расходы на выплаты персоналу в целях обеспечения выполнения функций государственными (муниципальными) органами, казенными учреждениями, органами управления государственными внебюджетными фондами | B31: 65 | C31: 1 | D31: 00 | E31: 41150 | F31: 100 | J31: =J32 -> 367.8 | K31: =K32 -> 258.3 | L31: =L32 -> 256.2
A32: Расходы на выплаты персоналу государственных (муниципальных) органов | B32: 65 | C32: 1 | D32: 00 | E32: 41150 | F32: 120 | J32: =J33 -> 367.8 | K32: =K33 -> 258.3 | L32: =L33 -> 256.2
A33: Общегосударственные вопросы | B33: 65 | C33: 1 | D33: 00 | E33: 41150 | F33: 120 | G33: 01 | J33: =J34 -> 367.8 | K33: =K34 -> 258.3 | L33: =L34 -> 256.2
A34: Функционирование высшего должностного лица субъекта Российской Федерации и муниципального образования | B34: 65 | C34: 1 | D34: 00 | E34: 41150 | F34: 120 | G34: 01 | H34: 02 | J34: =J35 -> 367.8 | K34: =K35 -> 258.3 | L34: =L35 -> 256.2
A35: Администрация Адашевского сельского поселения Кадошкинского муниципального района Республики Мордовия | B35: 65 | C35: 1 | D35: 00 | E35: 41150 | F35: 120 | G35: 01 | H35: 02 | I35: 910 | J35: ='Прил 2'!J15 -> 367.8 | K35: ='Прил 2'!K15 -> 258.3 | L35: ='Прил 2'!L15 -> 256.2
A36: Субсидии на софинансирование расходных обязательств по финансовому обеспечению деятельности органов местного самоуправления и муниципальных учреждений | B36: 65 | C36: 1 | D36: 00 | E36: 44205 | J36: =J37 -> 69.025 | K36: =K37 -> 0 | L36: =L37 -> 0
A37: Расходы на выплаты персоналу в целях обеспечения выполнения функций государственными (муниципальными) органами, казенными учреждениями, органами управления государственными внебюджетными фондами | B37: 65 | C37: 1 | D37: 00 | E37: 44205 | F37: 100 | J37: =J38 -> 69.025 | K37: =K38 -> 0 | L37: =L38 -> 0
A38: Расходы на выплаты персоналу государственных (муниципальных) органов | B38: 65 | C38: 1 | D38: 00 | E38: 44205 | F38: 120 | J38: =J39 -> 69.025 | K38: =K39 -> 0 | L38: =L39 -> 0
A39: Общегосударственные вопросы | B39: 65 | C39: 1 | D39: 00 | E39: 44205 | F39: 120 | G39: 01 | J39: =J40 -> 69.025 | K39: =K40 -> 0 | L39: =L40 -> 0
A40: Функционирование высшего должностного лица субъекта Российской Федерации и муниципального образования | B40: 65 | C40: 1 | D40: 00 | E40: 44205 | F40: 120 | G40: 01 | H40: 02 | J40: =J41 -> 69.025 | K40: =K41 -> 0 | L40: =L41 -> 0
A41: Администрация Адашевского сельского поселения Кадошкинского муниципального района Республики Мордовия | B41: 65 | C41: 1 | D41: 00 | E41: 44205 | F41: 120 | G41: 01 | H41: 02 | I41: 910 | J41: ='Прил 2'!J18 -> 69.025 | K41: ='Прил 2'!K18 -> 0 | L41: ='Прил 2'!L18 -> 0
A42: Непрограммные расходы в рамках обеспечения деятельности администрации | B42: 65 | C42: 2 | J42: =J43+J49+J60 -> 577.5 | K42: =K43+K49 -> 356.1 | L42: =L43+L49 -> 323.1
A43: Расходы на выплаты по оплате труда работников органов местного самоуправления | B43: 65 | C43: 2 | D43: 00 | E43: 41110 | J43: =J44 -> 148.8 | K43: =K46 -> 271.2 | L43: =L46 -> 230
A44: Расходы на выплаты персоналу в целях обеспечения выполнения функций государственными (муниципальными) органами, казенными учреждениями, органами управления государственными внебюджетными фондами | B44: 65 | C44: 2 | D44: 00 | E44: 41110 | F44: 100 | J44: =J45 -> 148.8 | K44: =K45 -> 271.2 | L44: =L45 -> 230
A45: Расходы на выплаты персоналу государственных (муниципальных) органов | B45: 65 | C45: 2 | D45: 00 | E45: 41110 | F45: 120 | J45: =J46 -> 148.8 | K45: =K46 -> 271.2 | L45: =L46 -> 230
A46: Общегосударственные вопросы | B46: 65 | C46: 2 | D46: 00 | E46: 41110 | F46: 120 | G46: 01 | J46: =J47 -> 148.8 | K46: =K47 -> 271.2 | L46: =L47 -> 230
A47: Функционирование Правительства Российской Федерации, высших органов исполнительной власти субъектов Российской Федерации, местных администраций | B47: 65 | C47: 2 | D47: 00 | E47: 41110 | F47: 120 | G47: 01 | H47: 04 | J47: =J48 -> 148.8 | K47: =K48 -> 271.2 | L47: =L48 -> 230
A48: Администрация Адашевского сельского поселения Кадошкинского муниципального района Республики Мордовия | B48: 65 | C48: 2 | D48: 00 | E48: 41110 | F48: 120 | G48: 01 | H48: 04 | I48: 910 | J48: ='Прил 2'!J24 -> 148.8 | K48: ='Прил 2'!K24 -> 271.2 | L48: ='Прил 2'!L24 -> 230
A49: Расходы на обеспечение функций органов местного самоуправления | B49: 65 | C49: 2 | D49: 00 | E49: 41120 | J49: =J50+J55 -> 245.2 | K49: =K50+K55 -> 84.9 | L49: =L50+L55 -> 93.1
A50: Иные закупки товаров, работ и услуг для обеспечения государственных (муниципальных) нужд | B50: 65 | C50: 2 | D50: 00 | E50: 41120 | F50: 200 | J50: =J51 -> 217.6 | K50: =K51 -> 62.5 | L50: =L51 -> 70.7
A51: Прочая закупка товаров, работ и услуг | B51: 65 | C51: 2 | D51: 00 | E51: 41120 | F51: 240 | J51: =J52 -> 217.6 | K51: =K52 -> 62.5 | L51: =L52 -> 70.7
A52: Общегосударственные вопросы | B52: 65 | C52: 2 | D52: 00 | E52: 41120 | F52: 240 | G52: 01 | J52: =J53 -> 217.6 | K52: =K53 -> 62.5 | L52: =L53 -> 70.7
A53: Функционирование Правительства Российской Федерации, высших органов исполнительной власти субъектов Российской Федерации, местных администраций | B53: 65 | C53: 2 | D53: 00 | E53: 41120 | F53: 240 | G53: 01 | H53: 04 | J53: =J54 -> 217.6 | K53: =K54 -> 62.5 | L53: =L54 -> 70.7
A54: Администрация Адашевского сельского поселения Кадошкинского муниципального района Республики Мордовия | B54: 65 | C54: 2 | D54: 00 | E54: 41120 | F54: 240 | G54: 01 | H54: 04 | I54: 910 | J54: ='Прил 2'!J27 -> 217.6 | K54: ='Прил 2'!K27 -> 62.5 | L54: ='Прил 2'!L27 -> 70.7
A55: Закупка товаров, работ и услуг для обеспечения государственных (муниципальных) нужд | B55: 65 | C55: 2 | D55: 00 | E55: 41120 | F55: 800 | J55: =J56 -> 27.6 | K55: =K56 -> 22.4 | L55: =L56 -> 22.4
A56: Иные закупки товаров, работ и услуг для обеспечения государственных (муниципальных) нужд | B56: 65 | C56: 2 | D56: 00 | E56: 41120 | F56: 850 | J56: =J57 -> 27.6 | K56: =K57 -> 22.4 | L56: =L57 -> 22.4
A57: Общегосударственные вопросы | B57: 65 | C57: 2 | D57: 00 | E57: 41120 | F57: 850 | G57: 01 | J57: =J58 -> 27.6 | K57: =K58 -> 22.4 | L57: =L58 -> 22.4
A58: Функционирование Правительства Российской Федерации, высших органов исполнительной власти субъектов Российской Федерации, местных администраций | B58: 65 | C58: 2 | D58: 00 | E58: 41120 | F58: 850 | G58: 01 | H58: 04 | J58: =J59 -> 27.6 | K58: =K59 -> 22.4 | L58: =L59 -> 22.4
A59: Администрация Адашевского сельского поселения Кадошкинского муниципального района Республики Мордовия | B59: 65 | C59: 2 | D59: 00 | E59: 41120 | F59: 850 | G59: 01 | H59: 04 | I59: 910 | J59: ='Прил 2'!J28 -> 27.6 | K59: ='Прил 2'!K28 -> 22.4 | L59: ='Прил 2'!L28 -> 22.4
A60: Субсидии на софинансирование расходных обязательств по финансовому обеспечению деятельности органов местного самоуправления и муниципальных учреждений | B60: 65 | C60: 2 | D60: 00 | E60: 44205 | J60: =J61 -> 183.5 | K60: =K61 -> 0 | L60: =L61 -> 0
A61: Расходы на выплаты персоналу в целях обеспечения выполнения функций государственными (муниципальными) органами, казенными учреждениями, органами управления государственными внебюджетными фондами | B61: 65 | C61: 2 | D61: 00 | E61: 44205 | F61: 100 | J61: =J62 -> 183.5 | K61: =K62 -> 0 | L61: =L62 -> 0
A62: Расходы на выплаты персоналу государственных (муниципальных) органов | B62: 65 | C62: 2 | D62: 00 | E62: 44205 | F62: 120 | J62: =J63 -> 183.5 | K62: =K63 -> 0 | L62: =L63 -> 0
A63: Общегосударственные вопросы | B63: 65 | C63: 2 | D63: 00 | E63: 44205 | F63: 120 | G63: 01 | J63: =J64 -> 183.5 | K63: =K64 -> 0 | L63: =L64 -> 0
A64: Функционирование Правительства Российской Федерации, высших органов исполнительной власти субъектов Российской Федерации, местных администраций | B64: 65 | C64: 2 | D64: 00 | E64: 44205 | F64: 120 | G64: 01 | H64: 04 | J64: =J65 -> 183.5 | K64: =K65 -> 0 | L64: =L65 -> 0
A65: Администрация Адашевского сельского поселения Кадошкинского муниципального района Республики Мордовия | B65: 65 | C65: 2 | D65: 00 | E65: 44205 | F65: 120 | G65: 01 | H65: 04 | I65: 910 | J65: ='Прил 2'!J32 -> 183.5 | K65: ='Прил 2'!K32 -> 0 | L65: ='Прил 2'!L32 -> 0
A66: Непрограммные расходы главных распорядителей средств бюджета Адашевского сельского поселения Кадошкинского муниципального района Республики Мордовия | B66: 89 | J66: =J67 -> 383.7 | K66: =K67 -> 329.1 | L66: =L67 -> 337.2
A67: Непрограммные расходы в рамках обеспечения деятельности главных распорядителей средств бюджета Адашевского сельского поселения Кадошкинского муниципального района Республики Мордовия | B67: 89 | C67: 1 | J67: =J73+J79+J85+J115+J126+J97+J103+J120+J104+J86 -> 383.7 | K67: =K73+K79+K85+K115+K126+K97+K103+K120+K104+K86 -> 329.1 | L67: =L73+L79+L85+L115+L126+L97+L103+L120+L104+L86 -> 337.2
A68: Доплаты к пенсиям муниципальных служащих | B68: 89 | C68: 1 | D68: 00 | E68: 03010 | J68: =J71 -> 83.1 | K68: =K71 -> 62.3 | L68: =L71 -> 42.6
A69: Социальное обеспечение и иные выплаты населению | B69: 89 | C69: 1 | D69: 00 | E69: 03010 | F69: 300 | J69: =J70 -> 83.1 | K69: =K70 -> 62.3 | L69: =L70 -> 42.6
A70: Публичные нормативные социальные выплаты гражданам | B70: 89 | C70: 1 | D70: 00 | E70: 03010 | F70: 310 | J70: =J71 -> 83.1 | K70: =K71 -> 62.3 | L70: =L71 -> 42.6
A71: Социальная политика | B71: 89 | C71: 1 | D71: 00 | E71: 03010 | F71: 310 | G71: 10 | J71: =J72 -> 83.1 | K71: =K72 -> 62.3 | L71: =L72 -> 42.6
A72: Пенсионное обеспечение | B72: 89 | C72: 1 | D72: 00 | E72: 03010 | F72: 310 | G72: 10 | H72: 01 | J72: =J73 -> 83.1 | K72: =K73 -> 62.3 | L72: =L73 -> 42.6
A73: Администрация Адашевского сельского поселения Кадошкинского муниципального района Республики Мордовия | B73: 89 | C73: 1 | D73: 00 | E73: 03010 | F73: 310 | G73: 10 | H73: 01 | I73: 910 | J73: ='Прил 2'!J90 -> 83.1 | K73: ='Прил 2'!K90 -> 62.3 | L73: ='Прил 2'!L90 -> 42.6
A74: Резервный фонд администрации Адашевского сельского поселения Кадошкинского муниципального района Республики Мордовия | B74: 89 | C74: 1 | D74: 00 | E74: 41180 | J74: =J77 -> 5 | K74: =K77 -> 5 | L74: =L77 -> 5
A75: Иные бюджетные ассигнования | B75: 89 | C75: 1 | D75: 00 | E75: 41180 | F75: 800 | J75: =J76 -> 5 | K75: =K76 -> 5 | L75: =L76 -> 5
A76: Резервные средства | B76: 89 | C76: 1 | D76: 00 | E76: 41180 | F76: 870 | J76: =J77 -> 5 | K76: =K77 -> 5 | L76: =L77 -> 5
A77: Общегосударственные вопросы | B77: 89 | C77: 1 | D77: 00 | E77: 41180 | F77: 870 | G77: 01 | J77: =J78 -> 5 | K77: =K78 -> 5 | L77: =L78 -> 5
A78: Резервные фонды | B78: 89 | C78: 1 | D78: 00 | E78: 41180 | F78: 870 | G78: 01 | H78: 11 | J78: =J79 -> 5 | K78: =K79 -> 5 | L78: =L79 -> 5
A79: Администрация Адашевского сельского поселения Кадошкинского муниципального района Республики Мордовия | B79: 89 | C79: 1 | D79: 00 | E79: 41180 | F79: 870 | G79: 01 | H79: 11 | I79: 910 | J79: ='Прил 2'!J43 -> 5 | K79: ='Прил 2'!K43 -> 5 | L79: ='Прил 2'!L43 -> 5
A80: Процентные платежи по муниципальному долгу | B80: 89 | C80: 1 | D80: 00 | E80: 41240 | J80: =J83 -> 1 | K80: =K83 -> 1 | L80: =L83 -> 1
A81: Обслуживание государственного (муниципального) долга | B81: 89 | C81: 1 | D81: 00 | E81: 41240 | F81: 700 | J81: =J82 -> 1 | K81: =K82 -> 1 | L81: =L82 -> 1
A82: Обслуживание муниципального долга | B82: 89 | C82: 1 | D82: 00 | E82: 41240 | F82: 730 | J82: =J83 -> 1 | K82: =K83 -> 1 | L82: =L83 -> 1
A83: Обслуживание государственного и муниципального долга | B83: 89 | C83: 1 | D83: 00 | E83: 41240 | F83: 730 | G83: 13 | J83: =J84 -> 1 | K83: =K84 -> 1 | L83: =L84 -> 1
A84: Обслуживание государственного внутреннего и муниципального долга | B84: 89 | C84: 1 | D84: 00 | E84: 41240 | F84: 730 | G84: 13 | H84: 01 | J84: =J85 -> 1 | K84: =K85 -> 1 | L84: =L85 -> 1
A85: Администрация Адашевского сельского поселения Кадошкинского муниципального района Республики Мордовия | B85: 89 | C85: 1 | D85: 00 | E85: 41240 | F85: 730 | G85: 13 | H85: 01 | I85: 910 | J85: ='Прил 2'!J97 -> 1 | K85: ='Прил 2'!K97 -> 1 | L85: ='Прил 2'!L97 -> 1
A86: Условно утвержденные расходы | B86: 89 | C86: 1 | D86: 00 | E86: 41990 | J86: =J87 -> 0 | K86: =K87 -> 20.8 | L86: =L87 -> 40.5
A87: Иные бюджетные ассигнования | B87: 89 | C87: 1 | D87: 00 | E87: 41990 | F87: 800 | J87: =J88 -> 0 | K87: =K88 -> 20.8 | L87: =L88 -> 40.5
A88: Резервные средства | B88: 89 | C88: 1 | D88: 00 | E88: 41990 | F88: 870 | J88: =J89 -> 0 | K88: =K89 -> 20.8 | L88: =L89 -> 40.5
A89: Условно утверждаемые расходы | B89: 89 | C89: 1 | D89: 00 | E89: 41990 | F89: 870 | G89: 99 | J89: =J90 -> 0 | K89: =K90 -> 20.8 | L89: =L90 -> 40.5
A90: Условно утверждаемые расходы | B90: 89 | C90: 1 | D90: 00 | E90: 41990 | F90: 870 | G90: 99 | H90: 99 | J90: =J91 -> 0 | K90: =K91 -> 20.8 | L90: =L91 -> 40.5
A91: Администрация Адашевского сельского поселения Кадошкинского муниципального района Республики Мордовия | B91: 89 | C91: 1 | D91: 00 | E91: 41990 | F91: 870 | G91: 99 | H91: 99 | I91: 910 | K91: ='Прил 2'!K104 -> 20.8 | L91: ='Прил 2'!L104 -> 40.5
A92: Уличное освещение | B92: 89 | C92: 0 | D92: 00 | E92: 43010 | J92: =J95 -> 80 | K92: =K95 -> 50 | L92: =L95 -> 50
A93: Иные закупки товаров, работ и услуг для обеспечения государственных (муниципальных) нужд | B93: 89 | C93: 0 | D93: 00 | E93: 43010 | F93: 200 | J93: =J94 -> 80 | K93: =K94 -> 50 | L93: =L94 -> 50
A94: Прочая закупка товаров, работ и услуг | B94: 89 | C94: 0 | D94: 00 | E94: 43010 | F94: 240 | J94: =J95 -> 80 | K94: =K95 -> 50 | L94: =L95 -> 50
A95: Коммунальное хозяйство | B95: 89 | C95: 0 | D95: 00 | E95: 43010 | F95: 240 | G95: 05 | J95: =J96 -> 80 | K95: =K96 -> 50 | L95: =L96 -> 50
A96: Благоустройство | B96: 89 | C96: 0 | D96: 00 | E96: 43010 | F96: 240 | G96: 05 | H96: 03 | J96: =J97 -> 80 | K96: =K97 -> 50 | L96: =L97 -> 50
A97: Администрация Адашевского сельского поселения Кадошкинского муниципального района Республики Мордовия | B97: 89 | C97: 0 | D97: 00 | E97: 43010 | F97: 240 | G97: 05 | H97: 03 | I97: 910 | J97: ='Прил 2'!J80 -> 80 | K97: ='Прил 2'!K80 -> 50 | L97: ='Прил 2'!L80 -> 50
A98: Прочие мероприятия по благоустройству | B98: 89 | C98: 0 | D98: 00 | E98: 43040 | J98: =J101 -> 75.1 | K98: =K101 -> 45.3 | L98: =L101 -> 49.1
A99: Иные закупки товаров, работ и услуг для обеспечения государственных (муниципальных) нужд | B99: 89 | C99: 0 | D99: 00 | E99: 43040 | F99: 200 | J99: =J100 -> 75.1 | K99: =K100 -> 45.3 | L99: =L100 -> 49.1
A100: Прочая закупка товаров, работ и услуг | B100: 89 | C100: 0 | D100: 00 | E100: 43040 | F100: 240 | J100: =J101 -> 75.1 | K100: =K101 -> 45.3 | L100: =L101 -> 49.1
...

Sheet Прил 5
C1: Приложение 5 к решению Совета депутатов Адашевского сельского поселения "О бюджете Адашевского сельского поселения Кадошкинского муниципального района Республики Мордовия на 2023 год и на плановый период 2024 и 2025 годов"
A2: ИСТОЧНИКИ ВНУТРЕННЕГО ФИНАНСИРОВАНИЯ ДЕФИЦИТА БЮДЖЕТА АДАШЕВСКОГО СЕЛЬСКОГО ПОСЕЛЕНИЯ КАДОШКИНСКОГО МУНИЦИПАЛЬНОГО РАЙОНА РЕСПУБЛИКИ МОРДОВИЯ НА 2023 ГОД И НА ПЛАНОВЫЙ ПЕРИОД 2024 И 2025 ГОДОВ
A4: Код | B4: Наименование кода группы, подгруппы, статьи, вида источника финансирования дефицитов бюджетов, кода классификации операций сектора государственного управления, относящихся к источникам финансирования дефицитов бюджетов Российской Федерации | C4: Сумма (тыс. руб.)
C5: 2023 год | D5: 2024 год | E5: 2025 год
A6: 1 | B6: 2 | C6: 3 | D6: 4 | E6: 5
A7: 000 01 00 00 00 00 0000 000 | B7: ИСТОЧНИКИ ВНУТРЕННЕГО ФИНАНСИРОВАНИЯ ДЕФИЦИТОВ БЮДЖЕТОВ | C7: =C8+C11+C15 -> -20.775 | D7: =D8+D11+D15 -> -31.2 | E7: =E8+E11+E15 -> -41.6
A8: 000 01 02 00 00 00 0000 000 | B8: Кредиты кредитных организаций в валюте Российской Федерации | C8: =SUM(C9) -> 0 | D8: =SUM(D9) -> 0 | E8: =SUM(E9) -> 0
A9: 000 01 02 00 00 00 0000 700 | B9: Получение кредитов от кредитных организаций в валюте Российской Федерации | C9: =SUM(C10) -> 0 | D9: =SUM(D10) -> 0 | E9: =SUM(E10) -> 0
A10: 000 01 02 00 00 10 0000 710 | B10: Получение кредитов от кредитных организаций бюджетами поселений в валюте Российской Федерации | C10: 0 | D10: 0 | E10: 0
A11: 000 01 03 00 00 00 0000 000 | B11: Бюджетные кредиты от других бюджетов бюджетной системы Российской Федерации | C11: =C12 -> -20.8 | D11: =D12 -> -31.2 | E11: =E12 -> -41.6
A12: 000 01 03 01 00 00 0000 000 | B12: Бюджетные кредиты от других бюджетов бюджетной системы Российской Федерации в валюте Российской Федерации | C12: =C13 -> -20.8 | D12: =D13 -> -31.2 | E12: =E13 -> -41.6
A13: 000 01 03 01 00 10 0000 800 | B13: Погашение бюджетных кредитов, полученных от других бюджетов бюджетной системы Российской Федерации в валюте Российской Федерации | C13: =SUM(C14) -> -20.8 | D13: =SUM(D14) -> -31.2 | E13: =SUM(E14) -> -41.6
A14: 000 01 03 01 00 10 0000 810 | B14: Погашение бюджетами сельских поселений кредитов от других бюджетов бюджетной системы Российской Федерации в валюте Российской Федерации | C14: ='Прил 6'!C16 -> -20.8 | D14: ='Прил 6'!D16 -> -31.2 | E14: ='Прил 6'!E16 -> -41.6
A15: 000 01 05 00 00 00 0000 000 | B15: Изменения остатков средств на счетах по учету средств бюджетов | C15: =C16+C19 -> 0.025 | D15: =D16+D19 -> 0 | E15: =E16+E19 -> 0
A16: 000 01 05 02 00 00 0000 500 | B16: Увеличение прочих остатков средств бюджетов | C16: =SUM(C17) -> -1686.6 | D16: =SUM(D17) -> -1258.6 | E16: =SUM(E17) -> -1253.4
A17: 000 01 05 02 01 00 0000 510 | B17: Увеличение прочих остатков денежных средств бюджетов | C17: =SUM(C18) -> -1686.6 | D17: =SUM(D18) -> -1258.6 | E17: =SUM(E18) -> -1253.4
A18: 000 01 05 02 01 10 0000 510 | B18: Увеличение прочих остатков денежных средств бюджетов сельских поселений | C18: =-('Прил 1'!C7+C10) -> -1686.6 | D18: =-('Прил 1'!D7+D10) -> -1258.6 | E18: =-('Прил 1'!E7+E10) -> -1253.4
A19: 000 01 05 02 00 00 0000 600 | B19: Уменьшение прочих остатков средств бюджетов | C19: =SUM(C20) -> 1686.625 | D19: =SUM(D20) -> 1258.6 | E19: =SUM(E20) -> 1253.4
A20: 000 01 05 02 01 00 0000 610 | B20: Уменьшение прочих остатков денежных средств бюджетов | C20: =SUM(C21) -> 1686.625 | D20: =SUM(D21) -> 1258.6 | E20: =SUM(E21) -> 1253.4
A21: 000 01 05 02 01 10 0000 610 | B21: Уменьшение прочих остатков денежных средств бюджетов сельских поселений | C21: ='Прил 2'!J7-C14 -> 1686.625 | D21: ='Прил 2'!K7-D14 -> 1258.6 | E21: ='Прил 2'!L7-E14 -> 1253.4

Sheet Прил 6
C1: Приложение 6 к решению Совета депутатов Адашевского сельского поселения "О бюджете Адашевского сельского поселения Кадошкинского муниципального района Республики Мордовия на 2023 год и на плановый период 2024 и 2025 годов"
A2: ПРОГРАММА МУНИЦИПАЛЬНЫХ ВНУТРЕННИХ ЗАИМСТВОВАНИЙ АДАШЕВСКОГО СЕЛЬСКОГО ПОСЕЛЕНИЯ КАДОШКИНСКОГО МУНИЦИПАЛЬНОГО РАЙОНА РЕСПУБЛИКИ МОРДОВИЯ НА 2023 ГОД И НА ПЛАНОВЫЙ ПЕРИОД 2024 И 2025 ГОДОВ
A6: № п/п | B6: Виды заимствований | C6: Сумма (тыс.руб.)
C7: 2023 год | D7: 2024 год | E7: 2025 год
A8: 1 | B8: 2 | C8: 3 | D8: 4 | E8: 5
A9: I | B9: Кредиты кредитных организаций в валюте Российской Федерации | C9: =C11 -> 0 | D9: =D11 -> 0 | E9: =E11 -> 0
B10: в том числе:
A11: 1 | B11: Объем привлечения | C11: 0 | D11: 0 | E11: 0
A12: 2 | B12: Объем средств, напрвляемых на погашение основной суммы долга
A13: II | B13: Бюджетные кредиты от других бюджетов бюджетной системы Российской Федерации | C13: =C16 -> -20.8 | D13: =D16 -> -31.2 | E13: =E16 -> -41.6
B14: в том числе
A15: 1 | B15: Объем привлечения
A16: 2 | B16: Объем средств, напрвляемых на погашение основной суммы долга | C16: -20.8 | D16: -31.2 | E16: -41.6
B17: ВСЕГО | C17: =C11+C16 -> -20.8 | D17: =D11+D16 -> -31.2 | E17: =E11+E16 -> -41.6
